 Dungeon Crawl Stone Soup version 0.30-a0-824-g6c64550be9 (webtiles) character file.

Game seed: 13612811149236984106

18091109 Valamore the Honourless (level 27, 199/199 HPs)
             Began as a Gargoyle Fighter on Feb 28, 2023.
             Was a High Priest of the Shining One (penitent).
             Escaped with the Orb
             ... and 15 runes!
             The game lasted 03:19:43 (85123 turns).

Valamore the Honourless (Gargoyle Fighter)         Turns: 85123, Time: 03:19:44

Health: 199/199    AC: 61    Str: 40    XL:     27
Magic:  35/40      EV: 15    Int: 16    God:    the Shining One [*****.]
Gold:   8902       SH: 26    Dex: 16    Spells: 26/26 levels left

rFire   + + +      SeeInvis +    a - +9 broad axe (holy)
rCold   + + +      Faith    .    X - +2 tower shield {AC+3}
rNeg    + + +      Spirit   .    T - +10 gold dragon scales
rPois   ∞          Reflect  .    G - +0 helmet of Vanity {Will+ Stlth+}
rElec   +          Harm     .    d - +0 cloak of the Purple Skies {rC+}
rCorr   .          Rampage  .    C - +2 pair of gloves "Hoepn" {rF+ Int+3 Dex+4 SInv}
Will    ++++.                    q - +1 pair of boots of Wiutauh {rF++ Will+} Stlth
                                 s - amulet of Pusuh {RegenMP Regen+}
HPRegen 1.33/turn                J - ring "Uwulysoy" {rC+ Dex+5}
MPRegen 0.67/turn                D - ring of Dishonesty {AC+4 Str+4}

@: flying, studying 3 skills
A: sickness immunity, AC +20, big wings, negative energy resistance 1,
electricity resistance, torment resistance 1, petrification resistance, clever
1, deformed body, strong 1, heat vulnerability 1
0: Orb of Zot
}: 15/15 runes: serpentine, barnacled, slimy, silver, golden, iron, obsidian,
icy, bone, abyssal, demonic, glowing, magical, fiery, dark
a: Renounce Religion


You escaped.
You worshipped the Shining One.
The Shining One was demanding penance.
You visited 18 branches of the dungeon, and saw 87 of its levels.
You visited Pandemonium 1 time, and saw 22 of its levels.
You visited the Abyss 3 times.
You visited 1 bazaar.
You visited 1 ziggurat, and saw 12 of its levels.
You also visited: Ice Cave and Wizlab.

You collected 13287 gold pieces.
You spent 4385 gold pieces at shops.

Inventory:

Hand Weapons
 a - a +9 broad axe of holy wrath (weapon)
 b - a +9 heavy broad axe
Missiles
 o - 13 silver javelins
 u - 29 boomerangs
 B - 7 silver boomerangs (quivered)
 S - 29 javelins
Armour
 d - the +0 cloak of the Purple Skies (worn) {rC+}
   (You found it on level 5 of the Pits of Slime)

   rC:        It protects you from cold.
 j - a +3 tower shield
 q - the +1 pair of boots of Wiutauh (worn) {rF++ Will+}
   (Okawaru gifted it to you on level 1 of the Snake Pit)

   rF:        It greatly protects you from fire.
   Will:      It increases your willpower.
 C - the +2 pair of gloves "Hoepn" (worn) {rF+ Int+3 Dex+4 SInv}
   (You found it in Pandemonium)

   Int:       It affects your intelligence (+3).
   Dex:       It affects your dexterity (+4).
   rF:        It protects you from fire.
   SInv:      It lets you see invisible.
 G - the +0 helmet of Vanity (worn) {Will+ Stlth+}
   (You acquired it on level 3 of the Dungeon)

   Will:      It increases your willpower.
   Stlth:     It makes you more stealthy.
 N - the +2 shield of Resistance {rF++ rC++ Will++}
   (You took it off an orc knight on level 2 of the Depths)

   rF:        It greatly protects you from fire.
   rC:        It greatly protects you from cold.
   Will:      It greatly increases your willpower.
 R - the +2 cloak of Demons {Will- Str+4 SInv}
   (You bought it in a shop on level 10 of the Dungeon)

   Str:       It affects your strength (+4).
   SInv:      It lets you see invisible.
   Will:      It decreases your willpower.
 T - +10 gold dragon scales (worn)
 X - a +2 tower shield of protection (worn)
Jewellery
 s - the amulet of Pusuh (around neck) {RegenMP Regen+}
   (You bought it in a shop on level 10 of the Dungeon)

   [amulet of magic regeneration]

   It increases your rate of magic regeneration.
   Regen:     It increases your rate of health regeneration.
 y - the ring "Vafin" {rCorr EV+5 Str+5}
   (You found it on level 8 of a ziggurat)

   [ring of evasion]

   EV:        It affects your evasion (+5).
   Str:       It affects your strength (+5).
   rCorr:     It protects you from acid and corrosion.
 D - the ring of Dishonesty (right hand) {AC+4 Str+4}
   (You took it off a deep elf high priest on level 2 of the Vaults)

   [ring of protection]

   AC:        It affects your AC (+4).
   Str:       It affects your strength (+4).
 I - a ring of willpower
 J - the ring "Uwulysoy" (left hand) {rC+ Dex+5}
   (You found it on level 3 of the Crypt)

   [ring of protection from cold]

   Dex:       It affects your dexterity (+5).
   rC:        It protects you from cold.
 O - the ring "Ilen" {rElec rF- rC++ rCorr Str+6}
   (You found it on level 11 of a ziggurat)

   [ring of strength]

   Str:       It affects your strength (+6).
   rF:        It makes you vulnerable to fire.
   rC:        It greatly protects you from cold.
   rElec:     It insulates you from electricity.
   rCorr:     It protects you from acid and corrosion.
Wands
 k - a wand of light (22)
 v - a wand of digging (22)
 Y - a wand of iceblast (71)
Scrolls
 e - 4 scrolls of summoning
 i - 3 scrolls of silence
 n - 11 scrolls of fog
 t - 26 scrolls of teleportation
 z - 2 scrolls of blinking
 L - 10 scrolls of fear
 P - 9 scrolls of poison
 W - 8 scrolls of immolation
Potions
 f - 33 potions of curing
 g - 3 potions of cancellation
 h - 2 potions of haste
 m - 11 potions of might
 r - 7 potions of resistance
 w - 12 potions of heal wounds
 E - 14 potions of attraction
 F - 5 potions of berserk rage
 H - a potion of mutation
 K - 8 potions of magic
 M - 3 potions of ambrosia
 Q - 9 potions of lignification
 Z - 9 potions of invisibility
Miscellaneous
 c - a condenser vane
 p - a phantom mirror
 x - a tin of tremorstones (2/2)
 A - a box of beasts
 U - a lightning rod (4/4)
 V - a phial of floods


   Skills:
 O Level 27 Fighting
 - Level 19.3(20.0) Axes
 - Level 5.5(14.7) Maces & Flails
 - Level 6.8(14.2) Polearms
 + Level 26.3 Throwing
 - Level 15.0 Armour
 - Level 16.0 Dodging
 - Level 24.2 Shields
 O Level 27 Invocations
 O Level 27 Evocations


You had 26 spell levels left.
You didn't know any spells.
Your spell library contained the following spells:

 Spells                   Type           Power      Damage    Failure   Level
 Beastly Appendage        Tmut           0%         N/A       96%         1
 Foxfire                  Conj/Fire      0%         2x1d4     96%         1
 Freeze                   Ice            0%         1d3       96%         1
 Magic Dart               Conj           0%         1d3       96%         1
 Necrotise                Necr           0%         1d4       96%         1
 Sandblast                Erth           0%         2d4       96%         1
 Shock                    Conj/Air       0%         1d3       96%         1
 Slow                     Hex            0%         N/A       96%         1
 Sting                    Tmut/Pois      0%         1d3       96%         1
 Call Imp                 Summ           0%         N/A       99%         2
 Ensorcelled Hibernation  Hex/Ice        0%         N/A       99%         2
 Lesser Beckoning         Tloc           0%         N/A       99%         2
 Passwall                 Tmut/Erth      0%         N/A       99%         2
 Poisonous Vapours        Pois/Air       0%         N/A       99%         2
 Searing Ray              Conj           0%         2d4       99%         2
 Static Discharge         Conj/Air       0%         2-2/arc   99%         2
 Wereblood                Tmut           0%         N/A       99%         2
 Confusing Touch          Hex            0%         N/A       100%        3
 Dazzling Flash           Conj/Hex       0%         N/A       100%        3
 Frozen Ramparts          Ice            0%         1d1       100%        3
 Gell's Gravitas          Tloc           0%         N/A       100%        3
 Hailstorm                Conj/Ice       0%         3d3       100%        3
 Ignite Poison            Fire/Tmut/Pois 0%         N/A       100%        3
 Inner Flame              Hex/Fire       0%         N/A       100%        3
 Kindle Blastsparks       Fire/Tloc/Air  0%         2d10      100%        3
 Mephitic Cloud           Conj/Pois/Air  0%         N/A       100%        3
 Ozocubu's Armour         Ice            0%         N/A       100%        3
 Portal Projectile        Hex/Tloc       0%         N/A       100%        3
 Spider Form              Tmut/Pois      0%         N/A       100%        3
 Stone Arrow              Conj/Erth      0%         3d7       100%        3
 Summon Guardian Golem    Hex/Summ       0%         N/A       100%        3
 Swiftness                Air            0%         N/A       100%        3
 Teleport Other           Tloc           0%         N/A       100%        3
 Tukima's Dance           Hex            0%         N/A       100%        3
 Vampiric Draining        Necr           0%         2d6       100%        3
 Vhi's Electric Charge    Tloc/Air       0%         N/A       100%        3
 Airstrike                Air            0%         2d(0-16)  100%        4
 Anguish                  Hex/Necr       0%         N/A       100%        4
 Animate Dead             Necr           0%         N/A       100%        4
 Flame Wave               Conj/Fire      0%         2d4       100%        4
 Fulminant Prism          Conj/Hex       0%         3d5       100%        4
 Ice Form                 Ice/Tmut       0%         N/A       100%        4
 Iskenderun's Mystic Bla  Conj/Tloc      0%         2d3       100%        4
 Manifold Assault         Tloc           0%         N/A       100%        4
 Olgreb's Toxic Radiance  Pois           0%         N/A       100%        4
 Passage of Golubria      Tloc           0%         N/A       100%        4
 Petrify                  Tmut/Erth      0%         N/A       100%        4
 Sticky Flame             Conj/Fire      0%         2d3       100%        4
 Summon Ice Beast         Ice/Summ       0%         N/A       100%        4
 Summon Lightning Spire   Summ/Air       0%         N/A       100%        4
 Agony                    Necr           0%         N/A       100%        5
 Alistair's Intoxication  Tmut/Pois      0%         N/A       100%        5
 Arcjolt                  Conj/Air       0%         1d10      100%        5
 Blade Hands              Tmut           0%         N/A       100%        5
 Borgnjor's Vile Clutch   Necr/Erth      0%         N/A       100%        5
 Fireball                 Conj/Fire      0%         3d3       100%        5
 Freezing Cloud           Conj/Ice/Air   0%         6-21      100%        5
 Irradiate                Conj/Tmut      0%         3d11      100%        5
 Iskenderun's Battlesphe  Conj           0%         2d6       100%        5
 Lee's Rapid Deconstruct  Erth           0%         3d4*      100%        5
 Lightning Bolt           Conj/Air       0%         1d11      100%        5
 Metabolic Englaciation   Hex/Ice        0%         N/A       100%        5
 Silence                  Hex/Air        0%         N/A       100%        5
 Summon Mana Viper        Hex/Summ       0%         N/A       100%        5
 Yara's Violent Unravell  Hex/Tmut       0%         3d3       100%        5
 Death Channel            Necr           0%         N/A       100%        6
 Dispersal                Tloc           0%         N/A       100%        6
 Eringya's Noxious Bog    Tmut/Pois      0%         N/A       100%        6
 Iron Shot                Conj/Erth      0%         9d1       100%        6
 Simulacrum               Ice/Necr       0%         N/A       100%        6
 Starburst                Conj/Fire      0%         6d3       100%        6
 Enfeeble                 Hex            0%         N/A       100%        7
 Malign Gateway           Summ/Tloc      0%         N/A       100%        7
 Orb of Destruction       Conj           0%         9d5       100%        7
 Ozocubu's Refrigeration  Ice            0%         4d7       100%        7
 Spellforged Servitor     Conj/Summ      0%         N/A       100%        7
 Storm Form               Tmut/Air       0%         N/A       100%        7
 Summon Hydra             Summ           0%         N/A       100%        7
 Borgnjor's Revivificati  Necr           0%         N/A       100%        8
 Ignition                 Fire           0%         3d3       100%        8
 Lehudib's Crystal Spear  Conj/Erth      0%         10d2      100%        8
 Maxwell's Capacitive Co  Air            0%         ∞         100%        8
 Necromutation            Tmut/Necr      0%         N/A       100%        8
 Chain Lightning          Conj/Air       0%         N/A       100%        9
 Death's Door             Necr           0%         N/A       100%        9
 Fire Storm               Conj/Fire      0%         5d1       100%        9
 Polar Vortex             Ice            0%         N/A       100%        9
 Shatter                  Erth           0%         3d5*      100%        9
 Sublimation of Blood     Necr           Unusable   N/A       N/A         2

Dungeon Overview and Level Annotations

Branches:
Dungeon (15/15)            Temple (1/1) D:4            Lair (5/5) D:11
 Shoals (4/4) Lair:2        Snake (4/4) Lair:2        Slime (5/5) Lair:4
    Orc (2/2) D:10            Elf (3/3) Orc:2        Vaults (5/5) D:13
  Crypt (3/3) Vaults:3       Tomb (3/3) Crypt:3      Depths (4/4) D:15
   Hell (visited)             Dis (7/7) Hell            Geh (7/7) Hell
    Coc (7/7) Hell            Tar (7/7) Hell            Zot (5/5) Depths:4
  IceCv (visited)          WizLab (visited)

Altars:
Ashenzari
Cheibriados
Dithmenos
Elyvilon
Fedhas
Gozag
Hepliaklqana
Kikubaaqudgha
Makhleb
Nemelex Xobeh
Okawaru
Qazlal
Ru
Sif Muna
Trog
Uskayaw
Vehumet
Wu Jian
Xom
Yredelemnul
Zin
The Shining One
Jiyva

Shops:
D:10 ?=[=:   Orc:2 ::?[[**==   Elf:2 (   Elf:3 (   Shoals:2 (   Snake:2 *(*?
Snake:3 ((   Snake:4 [   Vaults:2 !   Vaults:3 ?   Vaults:4 *   Vaults:5 (
Depths:1 *

Portals:
Hell: Depths:1 Depths:2 Depths:3 Depths:4
Abyss: Depths:3 Depths:4
Pandemonium: Depths:2

Annotations:
D:3 3 runed translucent doors, cforsyth's ghost, amateur KoBr
Snake:3 6 transporters
Vaults:4 avis's ghost, adept DgIE
Depths:1 1 runed translucent door, Dedet's ghost, veteran GrRe
Dis:1 35 runed doors
Dis:7 Dispater
Zot:1 1 transporter


Innate Abilities, Weirdness & Mutations

You are immune to sickness and miasma.
Your stone body is resilient. (AC +20)
You are immune to poison.
Your large and strong wings let you fly.
You resist negative energy. (rN+)
You are resistant to electric shocks. (rElec)
You are resistant to unholy torment.
You are immune to petrification.
Your mind is acute. (Int +4, Str/Dex -1)
Armour fits poorly on your strangely shaped body.
Your muscles are strong. (Str +4, Int/Dex -1)
You are vulnerable to heat. (rF-)


Message History

The shadow demon hits you.
You slice the shadow demon!!
You kill the shadow demon!
The Shining One accepts your kill.
You feel better.
No target in view!
(D) Dungeon (T) Temple (L) Lair (A) Shoals (P) Snake Pit (M) Slime Pits (O) Orcish Mines (E) Elven Halls (V) Vaults (C) Crypt (W) Tomb (U) Depths (H) Hell (I) Dis (G) Gehenna (X) Cocytus (Y) Tartarus (Z) Zot
Where to? (Enter - D:1 @ (x,y), ? - help)
What level of the Dungeon? (default 1, ? - help) Magic restored.
You see here a +0 club.
There is a stone staircase leading up here.
You fly upwards.
Level annotation: 3 runed translucent doors, cforsyth's ghost, amateur KoBr
There is a stone staircase leading down here.
There is a stone staircase leading up here.
You fly upwards.
There is a stone staircase leading down here.
There is a stone staircase leading up here.
You fly upwards.
There is a stone staircase leading down here.
There is a large open door here.
There is a staircase leading out of the dungeon here.
You are momentarily dazzled by a brilliant light.
You swap places.
You swap places.
There is a staircase leading out of the dungeon here.
Throw: 7 boomerangs (silver)
Press: ? - help, Q - select action, (/) - cycle Shift-Dir - straight line, f - angel
Aim: an angel, wielding a +2 whip of holy wrath and wearing a +0 robe (summoned, friendly, haloed, 69% to hit)
Really fire at your ally the angel?
This attack would place you under penance!
You throw a silver boomerang.
The silver boomerang hits your angel but does no damage.
Your angel is lightly wounded.
You feel extremely guilty. "You will pay for your transgression, mortal!"
Your divine halo fades away.
Your angel dissolves into sparkling lights!
Unknown command.
You have escaped!

..####.# ###.......##
)## #.# ####........).#
.# #.# #....##.......#
## #.# #..####.......#
#.# ##.## ##.....## #.#
#..####''####
##.#####..##.##.##
#.......#.#...##.#
#####.......###.@.##.#
............##....##.#
#####.......#.####8#.#
#.......#.......##
#.......#########
#.......# #.# #.###
##.....>.# #.# #...#
####........###.#####.#
......................#


There were no monsters in sight!

Vanquished Creatures
  Cerebov (Pan)
  Antaeus (Coc:7)
  the Royal Jelly (Slime:5)
  Ereshkigal (Tar:7)
  Asmodeus (Geh:7)
  Ignacio (Pan)
  Gloorx Vloq (Pan)
  Mnoleg (Pan)
  4 dread liches
  Lom Lobon (Pan)
  Khufu (Tomb:3)
  3 ancient liches
  6 orbs of fire
  Mennas (Pan)
  2 juggernauts
  Boris (twice) (Depths:4 Tomb:3)
  Sojobo (Depths:1)
  Bai Suzhen (Snake:4)
  14 shard shrikes
  Vv (Depths:4)
  18 royal mummies
  15 Killer Klowns
  Margery (Depths:3)
  12 caustic shrikes
  Vashnia (Snake:2)
  4 curse toes
  The ghost of Xitz the Cryomancer, a veteran DsCj of Vehumet (Zot:4)
  Geryon (Hell)
  13 pandemonium lords
  The ghost of Reyb the Executioner, a veteran DsGl of Okawaru (Vaults:3)
  Jory (Crypt:1)
  8 golden dragons
  12 profane servitors
  13 bone dragons
  The ghost of Zissick the Minotaur Blade, an adept MiBr of Okawaru (Vaults:3)
  3 electric golems
  6 doom hounds
  13 Brimstone Fiends
  3 iron giants
  20 Tzitzimimeh
  10 hellephants
  A shard shrike zombie (Crypt:1)
  Jorgrun (Snake:2)
  Rupert (D:13)
  21 Ice Fiends
  The ghost of Esekla the Eclecticist, an adept OpDe of Gozag (Vaults:2)
  5 Hell Sentinels
  11 deep elf master archers
  16 tainted leviathans
  The ghost of Rinoumap the Peltast, an adept TrCK of Ru (Vaults:3)
  14 tentacled monstrosities
  8 liches
  The ghost of Zeolishe the Cloud Mage, an adept TeAE of Vehumet (Vaults:3)
  13 deep elf blademasters
  29 Orb Guardians
  A walking frostbound tome (Depths:3)
  6 quicksilver dragons
  25 searing wretches
  15 acid blobs
  23 titans
  17 ancient champions
  26 Executioners
  2 krakens (Shoals:4)
  7 death cobs
  13 sphinxes
  9 tentacled starspawn
  14 shadow dragons
  Kirke (Elf:1)
  10 tengu reavers
  17 storm dragons
  10 azure jellies
  3 fenstrider witches (WizLab)
  2 thorn hunters (WizLab)
  Donald (Snake:4)
  An azure jelly (shapeshifter) (Vaults:5)
  5 revenants
  4 draconian monks
  2 fenstrider witches (shapeshifter) (Zig:11)
  5 nagarajas
  26 fire giants
  8 narguns
  12 demonspawn warmongers
  Ilsuiw (Shoals:4)
  7 rockslimes
  4 shard shrike simulacra
  9 iron dragons
  12 vault wardens
  A draconian knight (Zot:5)
  22 frost giants
  Aizul (Snake:3)
  5 quicksilver elementals
  8 deep elf sorcerers
  A spectral juggernaut (Tar:4)
  5 curse skulls
  2 deep elf elementalists (Elf:3)
  2 juggernaut zombies (Crypt:3)
  2 angels
  51 balrugs
  13 ironbound preservers
  2 draconian scorchers
  Louise (Snake:2)
  6 ghost moths
  2 draconian shifters (Zot:2)
  3 spriggan defenders (Depths:2)
  8 demonspawn corrupters (Pan)
  7 draconian annihilators
  6 ghouls
  18 reapers
  7 quicksilver oozes
  4 draconian stormcallers
  38 very ugly things
  13 war gargoyles
  The ghost of hikkokomori the Fighter, a journeyman GrEE of Vehumet (Lair:5)
  16 cacodemons
  8 orc warlords
  A caustic shrike skeleton (Tomb:3)
  32 stone giants
  The ghost of cforsyth the Unseen, a journeyman KoBr of Hepliaklqana (Lair:5)
  7 demonspawn black suns (Pan)
  2 bennus (Tomb:3)
  An ironbound thunderhulk (Vaults:3)
  8 green draconians
  A starflower (Abyss:3)
  3 deep elf demonologists
  21 vampire knights
  An eleionoma (shapeshifter) (Abyss:2)
  10 demonspawn blood saints
  The ghost of Foxy the Fighter, a journeyman KoEn of the Shining One (Lair:5)
  15 black draconians
  17 elemental wellsprings
  9 lorocyprocas
  16 putrid mouths
  A bunyip (Zig:9)
  The ghost of TheSexyCheese the Grappler, a journeyman TrFi of the Shining One (Lair:5)
  9 purple draconians
  8 red draconians
  7 wendigos
  13 dire elephants
  12 yellow draconians
  Azrael (Orc:2)
  10 deep elf annihilators
  3 white draconians
  14 green deaths
  Snorg (Lair:5)
  9 iron golems
  6 deep elf death magi
  2 spark wasps (Depths:1)
  14 blizzard demons
  A spectral quicksilver dragon (Tar:2)
  19 mummy priests
  13 ettins
  14 eidola
  8 merfolk javelineers (Shoals:4)
  7 fire dragons
  9 deep elf high priests
  8 merfolk impalers
  A crystal guardian (Vaults:4)
  A spectral iron giant (Tar:2)
  13 jiangshi
  13 yaktaur captains
  11 great orbs of eyes
  2 shambling mangroves
  4 spriggan zombies
  14 salamander tyrants
  13 ice dragons
  3 spectral spriggans
  2 spectral fenstrider witches (Tar:2)
  2 entropy weavers
  39 vault guards
  2 spriggan skeletons
  A peacekeeper (Vaults:4)
  14 centaur warriors
  9 ironbound frosthearts
  7 merfolk avatars
  An ogre mage (Vaults:5)
  3 death knights
  6 juggernaut simulacra
  2 quicksilver dragon skeletons
  10 hydras
  7 rakshasas
  5 caustic shrike simulacra
  3 spriggan air magi
  8 satyrs
  Erica (Lair:2)
  7 hell beasts
  5 stokers
  A radroach (shapeshifter) (Depths:2)
  5 boulder beetles
  4 catoblepae
  11 anacondas
  4 merfolk aquamancers
  58 death scarabs
  17 deep troll earth magi
  3 alligators
  A spectral stone giant (Tar:2)
  12 deep troll shamans
  14 naga warriors
  Urug (Lair:5)
  A spectral naga (Tar:7)
  9 death yaks
  3 orc high priests (Orc:2)
  7 vampire magi
  An azure jelly zombie (Crypt:2)
  49 hell hogs
  A spectral dire elephant (Tar:4)
  35 dancing weapons
  9 two-headed ogres
  5 tengu warriors
  6 thrashing horrors
  9 spriggan berserkers
  22 naga sharpshooters
  18 hell knights
  8 spriggans
  A skyshark (shapeshifter) (Vaults:5)
  66 sun demons
  7 skysharks
  21 soul eaters
  Nergalle (D:11)
  21 sixfirhies
  7 shock serpents
  8 wretched stars
  29 deep elf knights
  A titan skeleton (Crypt:2)
  4 crystal echidnas
  20 shadow wraiths
  A fire crab (shapeshifter) (D:13)
  18 iron trolls
  A golden dragon zombie (Crypt:3)
  33 skeletal warriors
  Lodul (D:14)
  A spectral anaconda (Tar:5)
  5 salamander mystics
  A storm dragon skeleton (Pan)
  4 quicksilver dragon simulacra
  A bunyip zombie (Crypt:3)
  3 flayed ghosts
  A spatial maelstrom (Zig:10)
  17 deep elf archers
  9 shadow demons
  An anaconda zombie (Crypt:3)
  40 deep trolls
  2 bog bodies (Crypt:1)
  A death drake (Abyss:2)
  3 glowing orange brains
  18 sea snakes
  16 ironbound convokers
  2 orange crystal statues
  18 orc knights
  6 spriggan druids
  14 harpies
  3 swamp dragons (Zig:9)
  6 naga ritualists
  19 wizards
  9 lindwurms
  33 deep elf pyromancers
  32 phantasmal warriors
  A wolf spider (Zig:1)
  A harpy (shapeshifter) (Vaults:5)
  4 orc sorcerers (Orc:2)
  7 necromancers
  15 fauns
  10 mana vipers
  A frost giant zombie (Depths:1)
  An oklob plant (WizLab)
  2 shadow dragon zombies (Crypt:3)
  A human zombie (Crypt:3)
  A shining eye (shapeshifter) (Vaults:5)
  A spectral ettin (Tar:1)
  35 deep elf zephyrmancers
  9 shining eyes
  A tengu skeleton (Depths:1)
  2 iron dragon skeletons
  41 large abominations
  A manticore (shapeshifter) (Vaults:5)
  2 mana vipers (shapeshifter)
  11 elephants
  6 cyclopes
  57 ugly things
  20 manticores
  2 worldbinders
  19 moths of wrath
  A goliath frog skeleton (Crypt:1)
  A toenail golem (Dis:1)
  16 salamanders
  10 rust devils
  A spectral centaur (Tar:2)
  13 merfolk sirens
  An ice statue (IceCv)
  5 guardian serpents
  7 centaur zombies
  30 smoke demons
  A stone giant skeleton (Pan)
  3 torpor snails
  6 molten gargoyles (Geh:7)
  37 black mambas
  5 water nymphs
  4 apocalypse crabs
  5 eyes of devastation
  15 vault sentinels
  2 dire elephant zombies
  A gargoyle (D:12)
  A frost giant skeleton (Crypt:3)
  9 demonic crawlers (Pan)
  6 titan simulacra
  10 naga magi
  A water nymph (shapeshifter) (D:13)
  2 unseen horrors
  A guardian serpent (shapeshifter) (Elf:1)
  9 komodo dragons
  2 storm dragon simulacra
  28 orange demons
  8 rime drakes
  15 cane toads
  26 hellions
  3 centaur skeletons
  A yaktaur (shapeshifter) (Depths:2)
  31 yaktaurs
  An orb spider zombie (Crypt:2)
  4 kobold demonologists
  27 tormentors
  18 ice devils
  An iron troll zombie (Crypt:1)
  7 efreet
  A bunyip simulacrum (Coc:2)
  4 anaconda simulacra (IceCv)
  A hydra zombie (Tomb:1)
  A catoblepas skeleton (Tomb:1)
  8 red devils
  2 tengu conjurers
  16 freezing wraiths
  40 guardian mummies
  4 spectral harpies
  A harpy zombie (Crypt:3)
  27 merfolk
  2 ancient zymes
  3 silent spectres
  3 polar bears
  6 trolls
  A polar bear (shapeshifter) (Zig:11)
  55 starcursed masses
  A tengu simulacrum (Depths:1)
  15 dream sheep
  A tyrant leech (Zig:9)
  24 hornets
  13 hellwings (Pan)
  A harpy skeleton (Pan)
  A tyrant leech (shapeshifter) (Zig:2)
  8 wind drakes
  17 blink frogs
  3 snapping turtles
  99 slime creatures
  2 jumping spiders
  3 meliai zombies (D:11)
  An ettin zombie (Tomb:1)
  3 stone giant simulacra
  A spectral swamp dragon (Tar:1)
  An ettin skeleton (Crypt:3)
  A culicivora (shapeshifter) (Elf:3)
  A human simulacrum (Vaults:4)
  2 centaur simulacra
  12 wraiths
  18 ynoxinuls
  4 shadows (D:11)
  18 flying skulls
  12 ushabtiu
  73 yaks
  A hog (Elf:1)
  5 dire elephant simulacra
  A human (Elf:1)
  4 vampires
  7 wyverns
  2 alligator snapping turtle simulacra
  6 fire elementals
  15 water elementals
  5 basilisks
  26 chaos spawn
  A redback (Vaults:1)
  Grum (D:9)
  2 death yak simulacra (IceCv)
  5 vampire mosquitoes
  4 steam dragons
  6 golden eyes
  26 neqoxecs
  7 spriggan simulacra
  5 wargs
  Menkaure (D:5)
  8 harpy simulacra
  A deep troll zombie (Crypt:2)
  2 hydra simulacra
  A hell hound (Orc:2)
  27 water moccasins
  2 floating eyes
  A glowing shapeshifter skeleton (Depths:1)
  39 nagas
  Duvessa (D:7)
  34 orc warriors
  A naga skeleton (Crypt:2)
  3 sky beasts
  A sky beast (shapeshifter) (Vaults:5)
  14 ogres
  7 black bears
  A swamp dragon zombie (Crypt:3)
  4 ettin simulacra
  6 boggarts
  6 wolves
  16 centaurs
  2 hog skeletons
  15 small abominations
  Blork the orc (D:4)
  2 elf zombies
  A salamander zombie (Crypt:3)
  6 cane toad simulacra (IceCv)
  4 earth elementals
  3 necrophages
  6 kobold brigands
  A wyvern zombie (Crypt:1)
  14 bullfrogs
  A gnoll sergeant (D:8)
  A water moccasin zombie (Crypt:1)
  2 two-headed ogre simulacra (IceCv)
  3 scorpions
  11 wights
  Dowan (D:7)
  A polar bear zombie (Crypt:1)
  6 elephant simulacra (IceCv)
  A killer bee (Abyss:2)
  3 howler monkeys
  A polar bear skeleton (Crypt:3)
  2 electric eels (Elf:3)
  7 crimson imps (Pan)
  3 jellies
  A quasit (Abyss:1)
  6 hounds
  17 orc priests
  A gnoll bouda (D:7)
  Natasha (D:2)
  Ijyb (D:3)
  3 iguanas
  Terence (D:2)
  A boggart zombie (Crypt:1)
  34 orc wizards
  A scorpion zombie (Crypt:1)
  3 polar bear simulacra (IceCv)
  3 wolf simulacra (IceCv)
  A tengu zombie (Crypt:3)
  A hound zombie (Crypt:1)
  A hound skeleton (Crypt:2)
  27 mummies
  Robin (D:3)
  14 gnolls
  9 adders
  4 naga simulacra
  A swamp drake zombie (Crypt:2)
  8 white imps
  5 ufetubi
  4 worms
  6 dart slugs
  75 orcs
  A bat zombie (Crypt:3)
  8 endoplasms
  8 giant cockroaches
  9 goblins
  14 hobgoblins
  11 jackals
  5 quokkas
  10 ball pythons
  9 bats
  2 frilled lizards
  A goblin skeleton (Crypt:1)
  A hobgoblin skeleton (Crypt:2)
  34 kobolds
  A kobold zombie (Crypt:3)
  An orc zombie (Crypt:2)
  4 rats
  5 ball lightnings
  7 briar patches (WizLab)
  6 creeping infernos
  34 fire vortices
  10 starspawn tentacles
  5 tentacles (Shoals:4)
4195 creatures vanquished.

Vanquished Creatures (collateral kills)
  A shard shrike (Coc:6)
  A caustic shrike (Dis:1)
  2 profane servitors
  2 Tzitzimimeh (Tar:7)
  A spectral shard shrike (Tar:7)
  3 tainted leviathans (Tar:7)
  A tentacled monstrosity (Pan)
  An ancient champion (Dis:6)
  An Executioner (Dis:2)
  A demonspawn warmonger (Dis:2)
  A spectral caustic shrike (Tar:7)
  A war gargoyle (Dis:1)
  2 putrid mouths
  A crystal echidna (Dis:2)
  2 shadow wraiths (Tar:7)
  A hellion (Tar:5)
  An unseen horror (Tar:7)
  A golden dragon simulacrum (Coc:6)
  A spectral harpy (Tar:7)
  5 ball lightnings (Pan)
30 creatures vanquished.

Vanquished Creatures (others)
  A Killer Klown (Zot:5)
  A caustic shrike (Dis:1)
  A lich (Dis:1)
  An ancient champion (Dis:1)
  3 fire giants
  A demonspawn warmonger (Pan)
  A ghost moth (Vaults:2)
  A deep elf elementalist (Elf:3)
  2 shard shrike simulacra (Coc:7)
  2 war gargoyles
  An elemental wellspring (Coc:7)
  A deep elf demonologist (Shoals:4)
  A wendigo (Coc:7)
  A merfolk impaler (Shoals:3)
  A green death (Pan)
  A spectral spriggan (Tar:5)
  A catoblepas (shapeshifter) (Zig:11)
  A stoker (Geh:4)
  2 quicksilver dragon simulacra (Coc:7)
  A spriggan simulacrum (Coc:3)
  4 wizards
  A deep elf zephyrmancer (Elf:1)
  A necromancer (Crypt:2)
  A deep elf pyromancer (Elf:2)
  A manticore (shapeshifter) (Zig:11)
  An elephant (shapeshifter) (Zig:11)
  A smoke demon (Dis:1)
  An apocalypse crab (Zig:11)
  2 orange demons (Hell)
  2 golden dragon simulacra (Coc:7)
  An ancient zyme (Abyss:1)
  2 iron giant simulacra (Coc:7)
  An ice devil (Pan)
  A dream sheep (shapeshifter) (Zig:11)
  A stone giant simulacrum (Coc:1)
  An air elemental (Elf:3)
  A dire elephant simulacrum (Coc:3)
  A human (Elf:1)
  2 chaos spawn
  An ettin simulacrum (Coc:3)
  A crimson imp (Pan)
  An orc (Orc:2)
  A giant cockroach (D:4)
  22 ball lightnings
  2 briar patches (WizLab)
  3 creeping infernos
  5 demonic plants
  5 fire vortices
  33 fungi
  96 plants
  18 starspawn tentacles
  4 tentacles (Shoals:4)
  16 withered plants
259 creatures vanquished.

Grand Total: 4484 creatures vanquished

Notes
Turn   | Place    | Note
-------+----------+-------------------------------------------
     0 | D:1      | Valamore the Gargoyle Fighter began the quest for the Orb.
     0 | D:1      | Reached XP level 1. HP: 14/14 MP: 1/1
   203 | D:1      | Reached XP level 2. HP: 7/19 MP: 2/2
   334 | D:1      | Reached XP level 3. HP: 20/24 MP: 3/3
   818 | D:2      | Noticed Terence
   830 | D:2      | Killed Terence
   831 | D:2      | Reached XP level 4. HP: 22/29 MP: 4/4
  1126 | D:2      | Identified the +10 hand axe "Orb Guardian's Death"
                  | {antimagic, *Slow rCorr Str+5 SInv}
  1168 | D:2      | Reached XP level 5. HP: 34/34 MP: 1/5
  1416 | D:2      | Noticed Natasha
  1427 | D:2      | Killed Natasha
  1486 | D:3      | Noticed Robin
  1492 | D:3      | Noticed Ijyb
  1495 | D:3      | Killed Robin
  1511 | D:3      | Killed Ijyb
  1631 | D:3      | Found Naziwn's Distillery.
  1639 | D:3      | Bought a potion of heal wounds for 55 gold pieces
  1639 | D:3      | Bought a potion of curing for 33 gold pieces
  1663 | D:3      | Reached XP level 6. HP: 40/40 MP: 2/6
  1675 | D:3      | Reached skill level 5 in Fighting
  1796 | D:3      | Found a runed translucent gate.
  1796 | D:3      | Found a runed translucent gate.
  1796 | D:3      | Found a runed translucent gate.
  1846 | D:3      | Noticed cforsyth's ghost (amateur KoBr)
  1942 | D:3      | Bought a potion of degeneration for 11 gold pieces
  1971 | D:4      | Reached skill level 5 in Axes
  2147 | D:4      | Found a staircase to the Ecumenical Temple.
  2161 | Temple   | Entered the Ecumenical Temple
  2306 | Temple   | Became a worshipper of Warmaster Okawaru
  2329 | D:4      | Noticed a black bear
  2334 | D:4      | Killed a black bear
  2335 | D:4      | Reached XP level 7. HP: 44/44 MP: 2/7
  2512 | D:4      | Noticed Blork the orc
  2522 | D:4      | Killed Blork the orc
  2522 | D:4      | Reached * piety under Okawaru
  2857 | D:4      | Found a basalt altar of Yredelemnul.
  2859 | D:4      | Noticed a profane servitor
  2864 | D:4      | Found a glowing golden altar of the Shining One.
  2867 | D:4      | Noticed an angel
  3001 | D:5      | Entered Level 5 of the Dungeon
  3051 | D:5      | Noticed Menkaure
  3060 | D:5      | Killed Menkaure
  3061 | D:5      | Reached XP level 8. HP: 26/52 MP: 2/8
  3239 | D:5      | HP: 2/52 [iguana (11)]
  3303 | D:5      | Reached ** piety under Okawaru
  4001 | D:3      | Bought a potion of heal wounds for 55 gold pieces
  4001 | D:3      | Bought a potion of attraction for 33 gold pieces
  4002 | D:3      | Identified 3 scrolls of acquirement
  4004 | D:3      | Acquired the +5 buckler of Tiew {Will+ Str+4 Int+2}
  4006 | D:3      | Acquired the +0 helmet of Vanity {Will+ Stlth+}
  4008 | D:3      | Acquired a +1 cloak of poison resistance
  4318 | D:6      | Reached XP level 9. HP: 55/59 MP: 3/9
  5248 | D:7      | Noticed Dowan
  5249 | D:7      | Noticed Duvessa
  5261 | D:7      | Killed Duvessa
  5262 | D:7      | Killed Dowan
  5382 | D:7      | Noticed a troll
  5395 | D:7      | Killed a troll
  5395 | D:7      | Reached *** piety under Okawaru
  5472 | D:7      | Noticed a hornet
  5481 | D:7      | Reached skill level 10 in Axes
  5481 | D:7      | Reached skill level 5 in Shields
  5500 | D:7      | Reached XP level 10. HP: 66/66 MP: 3/10
  5687 | D:7      | Received a gift from Okawaru
  5838 | D:7      | Noticed a two-headed ogre
  5848 | D:7      | Noticed a two-headed ogre
  5850 | D:7      | Killed a two-headed ogre
  5850 | D:7      | Reached **** piety under Okawaru
  5863 | D:7      | Killed a two-headed ogre
  5869 | D:7      | Identified the ring "Ruara" {Ice Will+}
  5998 | D:7      | Identified the +6 chain mail of Benevolence {rElec SInv}
  6101 | D:7      | Found a shimmering blue altar of Sif Muna.
  6128 | D:7      | Found a shimmering altar of Xom.
  6132 | D:7      | Found a sacrificial altar of Ru.
  6132 | D:7      | Found a stormy altar of Qazlal.
  6139 | D:7      | Found an ornate altar of the Wu Jian Council.
  6751 | D:8      | Reached XP level 11. HP: 71/71 MP: 3/11
  6970 | D:8      | Reached ***** piety under Okawaru
  7167 | D:8      | Found a radiant altar of Vehumet.
  7400 | D:9      | Noticed Grum
  7605 | D:9      | Killed Grum
  7606 | D:9      | Reached skill level 1 in Dodging
  8123 | D:9      | Found a burning altar of Makhleb.
  8242 | D:10     | Entered Level 10 of the Dungeon
  8242 | D:10     | Found Ket Bim's Antique Armour Boutique.
  8288 | D:10     | Found Nawkuaz's Jewellery Emporium.
  8322 | D:10     | Found a white marble altar of Elyvilon.
  8447 | D:10     | Found a staircase to the Orcish Mines.
  8555 | D:10     | Found a snail-covered altar of Cheibriados.
  8555 | D:10     | Found a shadowy altar of Dithmenos.
  8561 | D:10     | Found an opulent altar of Gozag.
  8563 | D:10     | Found an ancient bone altar of Kikubaaqudgha.
  8565 | D:10     | Found a faded altar of an unknown god.
  8624 | D:10     | Reached skill level 5 in Armour
  8626 | D:10     | Found Jirar's Book Emporium.
  8633 | D:10     | Found Deedwicips's Jewellery Boutique.
  8751 | D:10     | Found Ryczeik's Magic Scroll Boutique.
  8759 | D:10     | Bought a scroll of identify for 22 gold pieces
  8759 | D:10     | Bought a scroll of identify for 22 gold pieces
  8759 | D:10     | Bought a scroll of identify for 22 gold pieces
  8927 | D:11     | Noticed a boulder beetle
  8939 | D:11     | Killed a boulder beetle
  8940 | D:11     | Reached XP level 12. HP: 77/77 MP: 4/12
  8973 | D:11     | Reached skill level 10 in Fighting
  8980 | D:11     | Received a gift from Okawaru
  9293 | D:11     | Found a radiant altar of Vehumet.
  9329 | D:11     | Found a staircase to the Lair.
  9527 | D:11     | Noticed Nergalle
  9560 | D:11     | Killed Nergalle
  9560 | D:11     | Received a gift from Okawaru
  9561 | D:11     | Reached skill level 15 in Axes
 10067 | Lair:1   | Entered Level 1 of the Lair of Beasts
 10243 | Lair:1   | Reached XP level 13. HP: 69/84 MP: 4/13
 10341 | Lair:1   | Reached skill level 5 in Dodging
 10907 | Lair:1   | Found a basalt altar of Yredelemnul.
 11598 | Lair:1   | Noticed a dire elephant
 11635 | Lair:1   | Killed a dire elephant
 11874 | Lair:2   | Found a frozen archway.
 12004 | IceCv    | Entered an ice cave
 12035 | IceCv    | Identified the +7 ring mail of Depression {Rampage Will+++
                  | Int-5 Dex+4} (Okawaru gifted it to you in an ice cave)
 12035 | IceCv    | Received a gift from Okawaru
 12559 | IceCv    | Found an ancient bone altar of Kikubaaqudgha.
 12813 | IceCv    | Reached skill level 1 in Polearms
 12902 | IceCv    | Gained mutation: Your large and strong wings let you fly.
                  | [Gargoyle growth]
 12902 | IceCv    | Reached XP level 14. HP: 69/92 MP: 14/14
 13053 | IceCv    | Got Sif Muna's Secrets of Freezing
 13382 | Lair:2   | Found a staircase to the Snake Pit.
 13639 | Lair:2   | Found a staircase to the Shoals.
 13727 | Lair:2   | Noticed Erica
 13734 | Lair:2   | Killed Erica
 14559 | Lair:3   | Got the Precepts of the Gritty Door
 15493 | Lair:4   | Received a gift from Okawaru
 15666 | Lair:4   | Found a viscous altar of Jiyva.
 15667 | Lair:4   | Found a staircase to the Slime Pits.
 15727 | Lair:4   | Reached skill level 5 in Polearms
 16482 | Lair:5   | Entered Level 5 of the Lair of Beasts
 16685 | Lair:5   | Found a runed translucent gate.
 16685 | Lair:5   | Found a runed translucent gate.
 16685 | Lair:5   | Found a runed translucent gate.
 16687 | Lair:5   | Noticed hikkokomori's ghost (journeyman GrEE)
 16859 | Lair:5   | Noticed Urug
 16882 | Lair:5   | Killed Urug
 17150 | Lair:5   | Noticed Snorg
 17164 | Lair:5   | Killed Snorg
 17164 | Lair:5   | Received a gift from Okawaru
 17446 | Lair:5   | Reached XP level 15. HP: 78/99 MP: 5/15
 17693 | Lair:5   | Noticed cforsyth's ghost (journeyman KoBr)
 17694 | Lair:5   | Noticed Foxy's ghost (journeyman KoEn)
 17694 | Lair:5   | Noticed TheSexyCheese's ghost (journeyman TrFi)
 17758 | Lair:5   | Reached skill level 1 in Maces & Flails
 18607 | D:10     | Bought an ancient cloak for 332 gold pieces
 18607 | D:10     | Identified the +2 cloak of Demons {Will- Str+4 SInv} (You
                  | bought it in a shop on level 10 of the Dungeon)
 18631 | D:10     | Bought the amulet of Pusuh {RegenMP Regen+} for 407 gold
                  | pieces
 18678 | Orc:1    | Entered Level 1 of the Orcish Mines
 18743 | Orc:1    | Reached skill level 5 in Maces & Flails
 19027 | Orc:2    | Entered Level 2 of the Orcish Mines
 19163 | Orc:2    | Found a staircase to the Elven Halls.
 19166 | Orc:2    | Found Hehaint's Jewellery Shop.
 19227 | Orc:2    | Found Parchaimumo's Jewellery Shoppe.
 19227 | Orc:2    | Found Heal's Assorted Antiques.
 19232 | Orc:2    | Reached ****** piety under Okawaru
 19265 | Orc:2    | Bought a potion of curing for 75 gold pieces
 19368 | Orc:2    | Found Jays's Assorted Antiques.
 19486 | Orc:2    | Found Luireh's Magic Scroll Boutique.
 19607 | Orc:2    | Received a gift from Okawaru
 19632 | Orc:2    | Noticed Azrael
 19655 | Orc:2    | Killed Azrael
 20083 | Orc:2    | Reached skill level 1 in Invocations
 20105 | Orc:2    | Found Peschisk's Armour Boutique.
 20105 | Orc:2    | Found Kyusiz's Antique Armour Shoppe.
 20107 | Orc:2    | Found Omoroycw's Book Boutique.
 20107 | Orc:2    | Found Nub Fay's Book Shoppe.
 20445 | Orc:2    | Bought a scroll of brand weapon for 133 gold pieces
 20482 | Orc:2    | Bought a scroll of teleportation for 87 gold pieces
 20482 | Orc:2    | Bought a scroll of blinking for 217 gold pieces
 20615 | D:12     | Reached skill level 1 in Throwing
 21116 | D:13     | Found a gate to the Vaults.
 21188 | D:13     | Reached XP level 16. HP: 107/107 MP: 18/18
 21427 | D:13     | Noticed Rupert
 21439 | D:13     | Killed Rupert
 21846 | D:14     | Noticed Lodul
 21861 | D:14     | Received a gift from Okawaru
 21863 | D:14     | Killed Lodul
 22372 | D:14     | Reached skill level 5 in Invocations
 23059 | D:15     | Entered Level 15 of the Dungeon
 23166 | D:15     | Reached skill level 15 in Fighting
 23344 | D:15     | Found a staircase to the Depths.
 23477 | D:15     | Found a gate leading to a gauntlet.
 23683 | D:15     | Found an ornate altar of the Wu Jian Council.
 24208 | Snake:1  | Entered Level 1 of the Snake Pit
 24219 | Snake:1  | Received a gift from Okawaru
 24220 | Snake:1  | Reached skill level 5 in Throwing
 24595 | Snake:1  | Identified the +1 pair of boots of Wiutauh {rF++ Will+}
                  | (Okawaru gifted it to you on level 1 of the Snake Pit)
 24595 | Snake:1  | Received a gift from Okawaru
 25286 | Snake:2  | Noticed Jorgrun
 25297 | Snake:2  | Killed Jorgrun
 25457 | Snake:2  | Noticed Louise
 25479 | Snake:2  | Killed Louise
 25578 | Snake:2  | Noticed Vashnia
 25610 | Snake:2  | Found Neorapp's General Store.
 25610 | Snake:2  | Found Yxyschuc's Magic Scroll Emporium.
 25610 | Snake:2  | Found Muujok Piycw's Antique Weapon Shoppe.
 25611 | Snake:2  | Found Orpho Keoh's General Store.
 25668 | Snake:2  | Bought a scroll of fear for 56 gold pieces
 25668 | Snake:2  | Bought a scroll of enchant weapon for 105 gold pieces
 25913 | Snake:2  | Noticed a nagaraja
 25936 | Snake:2  | Killed a nagaraja
 25941 | Snake:2  | Killed Vashnia
 25942 | Snake:2  | Reached XP level 17. HP: 20/115 MP: 21/23
 26427 | Snake:3  | Found a transporter.
 26447 | Snake:3  | Found a transporter.
 26448 | Snake:3  | Found a transporter.
 26477 | Snake:3  | Found a transporter.
 26530 | Snake:3  | Noticed Aizul
 26558 | Snake:3  | Killed Aizul
 26606 | Snake:3  | Received a gift from Okawaru
 26713 | Snake:3  | Found a transporter.
 26736 | Snake:3  | Found a transporter.
 26774 | Snake:3  | Found Kexkotha's Weapon Boutique.
 26778 | Snake:3  | Found Vacaf's Antique Weapon Boutique.
 27162 | Snake:4  | Entered Level 4 of the Snake Pit
 27253 | Snake:3  | Bought a +0 broad axe for 68 gold pieces
 27433 | Snake:4  | Found Vahoymuo's Antique Armour Emporium.
 27441 | Snake:4  | Reached skill level 10 in Invocations
 27489 | Snake:4  | Noticed Donald
 27497 | Snake:4  | Received a gift from Okawaru
 27511 | Snake:4  | Killed Donald
 27699 | Snake:4  | Received a gift from Okawaru
 28116 | Snake:4  | Received a gift from Okawaru
 28130 | Snake:4  | Reached XP level 18. HP: 75/123 MP: 26/26
 28182 | Snake:4  | Noticed Bai Suzhen
 28214 | Snake:4  | Killed Bai Suzhen
 28214 | Snake:4  | Identified the +2 pair of gloves of the Fiddle {rF+ Str+4
                  | Dex-3} (Okawaru gifted it to you on level 4 of the Snake
                  | Pit)
 28214 | Snake:4  | Received a gift from Okawaru
 28215 | Snake:4  | Reached skill level 10 in Shields
 28434 | Snake:4  | Got a serpentine rune of Zot
 28938 | Shoals:1 | Entered Level 1 of the Shoals
 29213 | Shoals:1 | Identified the +2 scale mail of Midsummer {*Corrode +Inv
                  | rElec}
 30171 | Shoals:2 | Received a gift from Okawaru
 30290 | Shoals:2 | Found Yrish's Weapon Boutique.
 30402 | Shoals:2 | Received a gift from Okawaru
 31376 | Shoals:3 | Received a gift from Okawaru
 31975 | Shoals:4 | Entered Level 4 of the Shoals
 32017 | Shoals:4 | Reached XP level 19. HP: 84/128 MP: 28/28
 32077 | Shoals:4 | Received a gift from Okawaru
 32416 | Shoals:4 | Received a gift from Okawaru
 32464 | Shoals:4 | Identified the +4 great sword of Mutilation {speed, Dex+6}
 32522 | Shoals:4 | Reached skill level 10 in Throwing
 32587 | Shoals:4 | Noticed Ilsuiw
 32622 | Shoals:4 | Killed Ilsuiw
 32765 | Shoals:4 | Received a gift from Okawaru
 32773 | Shoals:4 | Identified the ring "Zocu" {rPois rF+ Dex+3 Stlth-}
 32909 | Shoals:4 | Got a barnacled rune of Zot
 33389 | Vaults:1 | Entered Level 1 of the Vaults
 33595 | Vaults:1 | Reached skill level 15 in Shields
 33625 | Vaults:1 | Found a gateway to a bazaar.
 33704 | Bazaar   | Entered a bazaar
 33719 | Bazaar   | Found Emiruv's Magic Scroll Shop.
 33723 | Bazaar   | Bought a scroll of teleportation for 48 gold pieces
 33723 | Bazaar   | Bought a scroll of teleportation for 48 gold pieces
 33723 | Bazaar   | Bought a scroll of teleportation for 48 gold pieces
 33723 | Bazaar   | Bought a scroll of enchant weapon for 120 gold pieces
 33723 | Bazaar   | Bought a scroll of enchant armour for 120 gold pieces
 33735 | Bazaar   | Found Dokooc's Distillery.
 33743 | Bazaar   | Bought a potion of heal wounds for 55 gold pieces
 33743 | Bazaar   | Bought a potion of heal wounds for 55 gold pieces
 33743 | Bazaar   | Bought a potion of haste for 110 gold pieces
 33757 | Bazaar   | Found Beidar's Distillery.
 33765 | Bazaar   | Bought a potion of might for 44 gold pieces
 33765 | Bazaar   | Bought a potion of attraction for 33 gold pieces
 33765 | Bazaar   | Bought a potion of haste for 110 gold pieces
 33765 | Bazaar   | Bought a potion of haste for 110 gold pieces
 33765 | Bazaar   | Bought a potion of lignification for 33 gold pieces
 33765 | Bazaar   | Bought 2 potions of lignification for 66 gold pieces
 33791 | Bazaar   | Found Dyecampe's Magic Scroll Shop.
 33796 | Bazaar   | Bought a scroll of brand weapon for 180 gold pieces
 33796 | Bazaar   | Bought a scroll of fog for 76 gold pieces
 33796 | Bazaar   | Bought a scroll of enchant weapon for 142 gold pieces
 33796 | Bazaar   | Bought a scroll of teleportation for 57 gold pieces
 34444 | Vaults:1 | Received a gift from Okawaru
 34597 | Vaults:1 | Received a gift from Okawaru
 35042 | Vaults:2 | Found Ryurph's Distillery.
 35052 | Vaults:2 | Bought a potion of heal wounds for 85 gold pieces
 35130 | Vaults:2 | Received a gift from Okawaru
 35144 | Vaults:2 | Reached XP level 20. HP: 118/134 MP: 29/29
 35187 | Vaults:2 | Received a gift from Okawaru
 35647 | Vaults:2 | Received a gift from Okawaru
 36058 | Vaults:2 | Identified the ring of Dishonesty {AC+4 Str+4}
 36343 | Vaults:2 | Found a runed translucent gate.
 36343 | Vaults:2 | Found a runed translucent gate.
 36343 | Vaults:2 | Found a runed translucent gate.
 36344 | Vaults:2 | Noticed Esekla's ghost (adept OpDe)
 36374 | Vaults:2 | Killed Esekla's ghost
 36386 | Vaults:2 | Received a gift from Okawaru
 36595 | Vaults:3 | Identified the +0 pair of gloves "Wuphe" {rPois rC- rCorr
                  | Dex+3}
 36692 | Vaults:3 | Found a staircase to the Crypt.
 36734 | Vaults:3 | Identified the +2 pair of gloves "Xeshreiss" {-Tele rPois
                  | rN+ rCorr} (Okawaru gifted it to you on level 3 of the
                  | Vaults)
 36734 | Vaults:3 | Received a gift from Okawaru
 36891 | Vaults:3 | Found Vopakkek's Magic Scroll Emporium.
 36913 | Vaults:3 | Bought a scroll of teleportation for 57 gold pieces
 36913 | Vaults:3 | Bought a scroll of blinking for 142 gold pieces
 36913 | Vaults:3 | Bought a scroll of enchant weapon for 142 gold pieces
 36913 | Vaults:3 | Bought a scroll of teleportation for 57 gold pieces
 36913 | Vaults:3 | Bought a scroll of enchant armour for 142 gold pieces
 36992 | Vaults:3 | Found a runed translucent gate.
 36992 | Vaults:3 | Found a runed translucent gate.
 36992 | Vaults:3 | Found a runed translucent gate.
 36992 | Vaults:3 | Noticed Reyb's ghost (veteran DsGl)
 36992 | Vaults:3 | Noticed Zissick's ghost (adept MiBr)
 36992 | Vaults:3 | Noticed Zeolishe's ghost (adept TeAE)
 36992 | Vaults:3 | Noticed Rinoumap's ghost (adept TrCK)
 37900 | Vaults:4 | Reached skill level 1 in Evocations
 38182 | Vaults:4 | Found a large runed translucent door.
 38182 | Vaults:4 | Found a large runed translucent door.
 38182 | Vaults:4 | Noticed avis's ghost (adept DgIE)
 38358 | Vaults:4 | Reached XP level 21. HP: 138/139 MP: 30/30
 38749 | Vaults:4 | Found Vorphudor's Assorted Antiques.
 39103 | Vaults:4 | Received a gift from Okawaru
 39104 | Vaults:4 | Reached skill level 5 in Evocations
 39421 | Vaults:4 | Identified the +0 hat "Hodakhaula" {Will+}
 39711 | Depths:1 | Entered Level 1 of the Depths
 39731 | Depths:1 | Found a sacrificial altar of Ru.
 39858 | Depths:1 | Received a gift from Okawaru
 40460 | Depths:1 | Noticed Sojobo
 40461 | Depths:1 | Found Lakkitt's Elemental Accessories.
 40480 | Depths:1 | Killed Sojobo
 40550 | Depths:1 | Received a gift from Okawaru
 40711 | Depths:1 | Found a runed translucent door.
 40711 | Depths:1 | Noticed Dedet's ghost (veteran GrRe)
 40991 | Depths:1 | Found a gateway to Hell.
 41215 | Depths:2 | Identified the +8 hand axe of Green Purpose {freeze, rC++
                  | SInv} (Okawaru gifted it to you on level 2 of the Depths)
 41215 | Depths:2 | Received a gift from Okawaru
 41406 | Depths:2 | Found a one-way gateway to a ziggurat.
 41434 | Depths:2 | Found a one-way gate leading to the halls of Pandemonium.
 41753 | Depths:2 | Reached XP level 22. HP: 59/150 MP: 27/31
 42279 | Depths:2 | Identified the +2 pair of gloves of Usaus {rElec Dex+3}
                  | (Okawaru gifted it to you on level 2 of the Depths)
 42279 | Depths:2 | Received a gift from Okawaru
 42280 | Depths:2 | Reached skill level 10 in Evocations
 42658 | Depths:2 | Found a runed translucent door.
 42658 | Depths:2 | Noticed an ancient lich
 42775 | Depths:2 | Found a runed translucent door.
 42776 | Depths:2 | Noticed an ancient lich
 42792 | Depths:2 | Killed an ancient lich
 42838 | Depths:2 | Killed an ancient lich
 42900 | Depths:3 | Noticed Margery
 42923 | Depths:3 | Killed Margery
 43127 | Depths:3 | Found a one-way gate to the infinite horrors of the Abyss.
 43287 | Depths:3 | Reached skill level 10 in Armour
 43348 | Depths:3 | Received a gift from Okawaru
 43578 | Depths:3 | Noticed a golden dragon
 43586 | Depths:3 | Killed a golden dragon
 44308 | D:10     | Bought 2 scrolls of enchant armour for 165 gold pieces
 44672 | Depths:4 | Entered Level 4 of the Depths
 44686 | Depths:4 | Reached XP level 23. HP: 158/158 MP: 32/32
 44781 | Depths:4 | Found a gate to the Realm of Zot.
 44788 | Depths:4 | Received a gift from Okawaru
 44910 | Depths:4 | Noticed a juggernaut
 44928 | Depths:4 | Killed a juggernaut
 45145 | Depths:4 | Noticed Boris
 45159 | Depths:4 | Received a gift from Okawaru
 45160 | Depths:4 | Killed Boris
 45208 | Depths:4 | Noticed Vv
 45287 | Depths:4 | Killed Vv
 46123 | Lair:5   | Killed TheSexyCheese's ghost
 46143 | Lair:5   | Killed hikkokomori's ghost
 46144 | Lair:5   | Killed cforsyth's ghost
 46153 | Lair:5   | Killed Foxy's ghost
 46434 | D:3      | Bought a potion of curing for 33 gold pieces
 46434 | D:3      | Bought a potion of heal wounds for 55 gold pieces
 46434 | D:3      | Bought a potion of ambrosia for 88 gold pieces
 46434 | D:3      | Bought a potion of haste for 110 gold pieces
 46434 | D:3      | Bought a potion of mutation for 88 gold pieces
 46434 | D:3      | Bought a potion of curing for 33 gold pieces
 46781 | Vaults:5 | Entered Level 5 of the Vaults
 46804 | Vaults:5 | Identified the +1 chain mail "Rithro" {Str+4 Dex-2}
                  | (Okawaru gifted it to you on level 5 of the Vaults)
 46804 | Vaults:5 | Received a gift from Okawaru
 46811 | Vaults:5 | Got a silver rune of Zot
 46877 | Vaults:5 | Identified the +1 ring mail of Cheibriados, Conjuring
                  | {Contam Regen+ rCorr SInv}
 47254 | Vaults:5 | HP: 7/163 [deep elf annihilator/crystal spear (47)]
 47265 | Arena    | Entered the Arena
 47268 | Arena    | Reached XP level 24. HP: 52/169 MP: 22/32
 47374 | Vaults:5 | Identified the +0 leather armour of Nin Josk {rCorr Str+5}
 47391 | Vaults:5 | Received a gift from Okawaru
 47630 | Vaults:5 | Identified the +0 ring mail of the Quahog {*Slow rC+++
                  | rCorr SInv} (Okawaru gifted it to you on level 5 of the
                  | Vaults)
 47630 | Vaults:5 | Received a gift from Okawaru
 47723 | Vaults:5 | Reached skill level 15 in Armour
 47972 | Vaults:5 | Identified the +2 helmet of Mimnyer {+Inv}
 47980 | Vaults:5 | Identified the +4 scale mail of Repulsion {Int+7}
 48283 | Vaults:5 | Noticed a dread lich
 48296 | Vaults:5 | Killed a dread lich
 48449 | Vaults:5 | Identified the +1 pair of boots "Feyjyew" {Int+2}
 48483 | Vaults:5 | Found Ziupsumi's Weapon Emporium.
 48933 | Vaults:3 | Killed Rinoumap's ghost
 48934 | Vaults:3 | Killed Zeolishe's ghost
 48952 | Vaults:3 | Killed Zissick's ghost
 48964 | Vaults:3 | Killed Reyb's ghost
 49316 | Slime:1  | Entered Level 1 of the Pits of Slime
 49511 | Slime:2  | Paralysed by a floating eye for 2 turns
 50051 | Slime:3  | Reached skill level 15 in Invocations
 50298 | Slime:4  | Received a gift from Okawaru
 50459 | Slime:5  | Entered Level 5 of the Pits of Slime
 50553 | Slime:5  | Noticed the Royal Jelly
 50560 | Slime:5  | Found a viscous altar of Jiyva.
 50584 | Slime:5  | Killed the Royal Jelly
 50589 | Slime:5  | Reached XP level 25. HP: 113/178 MP: 34/35
 50737 | Slime:5  | Got the Book of Spatial Stolen Souls
 50757 | Slime:5  | Identified the +6 falchion of Smoking Slow Death {heavy,
                  | rPois}
 50840 | Slime:5  | Identified the +0 cloak of the Purple Skies {rC+}
 50842 | Slime:5  | Got a slimy rune of Zot
 50846 | Slime:5  | Acquired 984 gold pieces
 50859 | Slime:5  | Identified the ring of Irrepressible Laughter {rPois Will-
                  | Str+7 Dex-4}
 50880 | Slime:5  | Identified the ring "Jerokhuf" {rElec MP+9 Int+3 SInv}
 50919 | Slime:5  | Gained mutation: You have sharp toenails. [a shining eye]
 50920 | Slime:5  | Gained mutation: Your magical capacity is low. (-10% MP) [a
                  | shining eye]
 51441 | Elf:1    | Entered Level 1 of the Elven Halls
 51619 | Elf:1    | Identified the +0 plate armour of Hamash {Will+}
 51826 | Elf:1    | Noticed Kirke
 51840 | Elf:1    | Killed Kirke
 51873 | Elf:1    | Got Asmodeus's Lectures on Injury
 51904 | Elf:1    | Received a gift from Okawaru
 52281 | Elf:2    | Found a runed translucent gate.
 52282 | Elf:2    | Found a runed translucent gate.
 52282 | Elf:2    | Found a runed translucent gate.
 52415 | Elf:2    | Identified the +8 broad axe "Vaepp" {venom, rN+} (Okawaru
                  | gifted it to you on level 2 of the Elven Halls)
 52415 | Elf:2    | Received a gift from Okawaru
 52542 | Elf:2    | Found a radiant altar of Vehumet.
 52600 | Elf:2    | Found Parchaimumo's Antique Weapon Emporium.
 53261 | Elf:3    | Entered Level 3 of the Elven Halls
 53273 | Elf:3    | Found Memool's Weapon Shop.
 53302 | Elf:3    | Paralysed by an air elemental for 1 turns
 53483 | Elf:3    | Received a gift from Okawaru
 53885 | Elf:3    | Identified the +8 plate armour of Nyaskig {rElec Dex+3
                  | SInv} (Okawaru gifted it to you on level 3 of the Elven
                  | Halls)
 53885 | Elf:3    | Received a gift from Okawaru
 54147 | Elf:3    | Identified the +1 ring mail of Time Monsters {rElec Int+2
                  | Dex+3}
 54237 | Elf:3    | Reached XP level 26. HP: 170/187 MP: 33/33
 54298 | Elf:3    | Identified the ring "Aviuschi" {Fire rPois Will- Dex+3
                  | Stlth+}
 54321 | Elf:3    | Identified the +2 morningstar of Astruu {holy, *Rage rCorr
                  | Str+2 Int+3}
 54328 | Elf:3    | Identified the ring of Pajiom {MP+9 Int+6}
 54336 | Elf:3    | Identified the ring "Giqadgh" {Fly Str-3 Int+3 Dex+6}
 54351 | Elf:3    | Found the +8 Wrath of Trog {antimagic, *Rage Rampage}
 54379 | Elf:3    | Identified the +8 flail "Figal" {heavy, Int+2}
 54563 | Elf:3    | Found an ancient bone altar of Kikubaaqudgha.
 54991 | Depths:3 | Voluntarily entered the Abyss.
 55519 | Abyss:1  | Found a corrupted altar of Lugonu.
 55519 | Abyss:1  | Found a corrupted altar of Lugonu.
 55519 | Abyss:1  | Found a corrupted altar of Lugonu.
 55632 | Abyss:1  | Found a corrupted altar of Lugonu.
 55638 | Abyss:1  | Found a corrupted altar of Lugonu.
 55638 | Abyss:1  | Found a corrupted altar of Lugonu.
 56004 | Abyss:2  | Found a corrupted altar of Lugonu.
 56147 | Abyss:2  | Gained mutation: You do not regenerate when monsters are
                  | visible. [a neqoxec]
 56148 | Abyss:2  | Gained mutation: You are occasionally teleported next to
                  | monsters. [a neqoxec]
 56152 | Abyss:2  | Lost mutation: You are occasionally teleported next to
                  | monsters. [potion of mutation]
 56152 | Abyss:2  | Lost mutation: You have sharp toenails. [potion of
                  | mutation]
 56152 | Abyss:2  | Lost mutation: You do not regenerate when monsters are
                  | visible. [potion of mutation]
 56152 | Abyss:2  | Gained mutation: You have a pair of small antennae on your
                  | head. [potion of mutation]
 56152 | Abyss:2  | Gained mutation: Your mind is acute. (Int +4, Str/Dex -1)
                  | [potion of mutation]
 56153 | Abyss:2  | Lost mutation: Your mind is acute. (Int +4, Str/Dex -1)
                  | [potion of mutation]
 56153 | Abyss:2  | Lost mutation: You have a pair of small antennae on your
                  | head. [potion of mutation]
 56153 | Abyss:2  | Lost mutation: Your magical capacity is low. (-10% MP)
                  | [potion of mutation]
 56153 | Abyss:2  | Gained mutation: You are frail. (-10% HP) [potion of
                  | mutation]
 56153 | Abyss:2  | Gained mutation: You have hidden genetic defects. [potion
                  | of mutation]
 56154 | Abyss:2  | Lost mutation: You have hidden genetic defects. [potion of
                  | mutation]
 56154 | Abyss:2  | Lost mutation: You are frail. (-10% HP) [potion of
                  | mutation]
 56154 | Abyss:2  | Gained mutation: You expend magic power (3 MP) to
                  | strengthen your wands. [potion of mutation]
 56154 | Abyss:2  | Gained mutation: You are strong-willed. (Will+) [potion of
                  | mutation]
 56374 | Abyss:2  | Found a corrupted altar of Lugonu.
 56410 | Depths:3 | Escaped the Abyss
 56412 | Depths:3 | Voluntarily entered the Abyss.
 56435 | Abyss:3  | Found a corrupted altar of Lugonu.
 56480 | Abyss:3  | Got an abyssal rune of Zot
 56516 | Abyss:3  | Gained mutation: You occasionally lose the ability to drink
                  | potions when taking damage. [a neqoxec]
 56546 | Abyss:3  | Lost mutation: You expend magic power (3 MP) to strengthen
                  | your wands. [potion of mutation]
 56546 | Abyss:3  | Lost mutation: You occasionally lose the ability to drink
                  | potions when taking damage. [potion of mutation]
 56546 | Abyss:3  | Lost mutation: You are strong-willed. (Will+) [potion of
                  | mutation]
 56546 | Abyss:3  | Gained mutation: Your mind is acute. (Int +4, Str/Dex -1)
                  | [potion of mutation]
 56546 | Abyss:3  | Gained mutation: You do not regenerate when monsters are
                  | visible. [potion of mutation]
 56547 | Abyss:3  | Lost mutation: Your mind is acute. (Int +4, Str/Dex -1)
                  | [potion of mutation]
 56547 | Abyss:3  | Lost mutation: You do not regenerate when monsters are
                  | visible. [potion of mutation]
 56547 | Abyss:3  | Gained mutation: Armour fits poorly on your strangely
                  | shaped body. [potion of mutation]
 56548 | Abyss:3  | Lost mutation: Armour fits poorly on your strangely shaped
                  | body. [potion of mutation]
 56548 | Abyss:3  | Gained mutation: You expend magic power (3 MP) to
                  | strengthen your wands. [potion of mutation]
 56548 | Abyss:3  | Gained mutation: You have very sharp teeth. [potion of
                  | mutation]
 56548 | Abyss:3  | Gained mutation: Your mind is acute. (Int +4, Str/Dex -1)
                  | [potion of mutation]
 56548 | Abyss:3  | Gained mutation: Your mind is very acute. (Int +8, Str/Dex
                  | -2) [potion of mutation]
 56688 | Abyss:3  | Received a gift from Okawaru
 56739 | Abyss:3  | Found a corrupted altar of Lugonu.
 56786 | Abyss:3  | Found a corrupted altar of Lugonu.
 56856 | Depths:3 | Escaped the Abyss
 56877 | Zot:1    | Entered Level 1 of the Realm of Zot
 56921 | Zot:1    | Found a transporter.
 56932 | Zot:1    | Found a shimmering blue altar of Sif Muna.
 56932 | Zot:1    | Identified the +0 helmet of Leapfrog {rF+}
 57131 | Zot:1    | Identified the ring of the Equinox {Fly Will+}
 57277 | Zot:1    | Noticed an orb of fire
 57278 | Zot:1    | Noticed an ancient lich
 57279 | Zot:1    | Noticed an ancient lich
 57517 | Zot:1    | Noticed an ancient lich
 58265 | Zot:2    | Noticed an orb of fire
 58273 | Zot:2    | Killed an orb of fire
 58380 | Zot:2    | Noticed an orb of fire
 58381 | Zot:2    | Gained mutation: Your body sometimes deteriorates upon
                  | taking damage. [an orb of fire]
 58388 | Zot:2    | Killed an orb of fire
 58604 | Zot:2    | Identified the +12 falchion of Gluttony {holy, Dex+2}
                  | (Okawaru gifted it to you on level 2 of the Realm of Zot)
 58604 | Zot:2    | Received a gift from Okawaru
 58619 | Zot:2    | Reached XP level 27. HP: 140/196 MP: 38/38
 59378 | Zot:4    | Noticed Xitz's ghost (veteran DsCj)
 59378 | Zot:4    | Found a runed translucent door.
 59518 | Zot:4    | Identified the +1 leather armour "Qesti" {Harm rPois rF-}
 60191 | Zot:4    | Received a gift from Okawaru
 60658 | Zot:4    | Killed Xitz's ghost
 60678 | Zot:5    | Entered Level 5 of the Realm of Zot
 60698 | Zot:5    | Received a gift from Okawaru
 61050 | Zot:5    | Received a gift from Okawaru
 61112 | Zot:5    | Noticed an ancient lich
 61237 | Zot:5    | Noticed a dread lich
 61260 | Zot:5    | Noticed an orb of fire
 61263 | Zot:5    | Killed a dread lich
 61278 | Zot:5    | Gained mutation: Your spells are a little easier to cast,
                  | but a little less powerful. [an orb of fire]
 61283 | Zot:5    | Killed an orb of fire
 61316 | Zot:5    | Noticed an orb of fire
 61324 | Zot:5    | Killed an orb of fire
 61337 | Zot:5    | Noticed an orb of fire
 61351 | Zot:5    | Killed an orb of fire
 61417 | Zot:5    | Received a gift from Okawaru
 61481 | Zot:5    | Noticed an ancient lich
 61499 | Zot:5    | Killed an ancient lich
 61780 | Zot:5    | Noticed an orb of fire
 61790 | Zot:5    | Killed an orb of fire
 61827 | Zot:5    | Noticed a dread lich
 61846 | Zot:5    | Killed a dread lich
 61846 | Zot:5    | Received a gift from Okawaru
 62604 | D:4      | Fell from the grace of Okawaru
 62604 | D:4      | Became a worshipper of the Shining One
 62920 | Crypt:1  | Entered Level 1 of the Crypt
 62974 | Crypt:1  | Noticed Jory
 63003 | Crypt:1  | Killed Jory
 63080 | Crypt:1  | Reached * piety under the Shining One
 63137 | Crypt:1  | Reached skill level 27 in Invocations
 63255 | Crypt:1  | Reached ** piety under the Shining One
 63329 | Crypt:1  | Reached *** piety under the Shining One
 63419 | Crypt:1  | Reached skill level 27 in Fighting
 63625 | Crypt:1  | Reached **** piety under the Shining One
 63697 | Crypt:2  | Found a magical portal.
 63713 | WizLab   | Entered Eringya's Formal Garden
 63897 | WizLab   | Found a blossoming altar of Fedhas.
 63897 | WizLab   | Reached ***** piety under the Shining One
 64285 | Crypt:2  | Identified the +11 arbalest "Wostott" {heavy, Will- Int+5}
 64417 | Crypt:2  | Reached skill level 10 in Dodging
 64440 | Crypt:1  | Found an ancient bone altar of Kikubaaqudgha.
 64886 | Crypt:3  | Entered Level 3 of the Crypt
 64991 | Crypt:3  | Reached ****** piety under the Shining One
 65001 | Crypt:3  | Identified a +9 broad axe of holy wrath (a +9 broad axe of
                  | freezing blessed by the Shining One)
 65001 | Crypt:3  | Received a gift from the Shining One
 65183 | Crypt:3  | Found a staircase to the Tomb.
 65446 | Crypt:3  | Paralysed by a vampire knight for 5 turns
 65472 | Crypt:3  | Found an ancient bone altar of Kikubaaqudgha.
 65534 | Crypt:3  | Identified the +4 short sword "Iweku" {heavy, +Blink rCorr}
 65536 | Crypt:3  | Identified the ring "Uwulysoy" {rC+ Dex+5}
 66704 | Slime:5  | Got Haomug's Catalogue of Glowing Beguiling
 67332 | Hell     | Entered the Vestibule of Hell
 67332 | Hell     | Noticed Geryon
 67351 | Hell     | Killed Geryon
 67449 | Hell     | Found a gateway to the ashen valley of Gehenna.
 67595 | Hell     | Found a gateway to the decaying netherworld of Tartarus.
 67691 | Hell     | Found a gateway to the freezing wastes of Cocytus.
 67778 | Hell     | Found a gateway to the Iron City of Dis.
 68737 | Zig:1    | Entered Level 1 of a ziggurat
 68737 | Zig:1    | Was forgiven by Okawaru
 68781 | Zig:2    | Entered Level 2 of a ziggurat
 68801 | Zig:3    | Entered Level 3 of a ziggurat
 68832 | Zig:4    | Entered Level 4 of a ziggurat
 68836 | Zig:4    | Paralysed by a floating eye for 3 turns
 68853 | Zig:4    | Identified the +10 morningstar "Dragon's Tongue" {freeze,
                  | rC+ rCorr MP+9}
 68858 | Zig:4    | Got the Precepts of the Plateau
 68874 | Zig:5    | Entered Level 5 of a ziggurat
 68900 | Zig:5    | Identified the +3 buckler "Tuengaoczi" {Drain Str+5}
 68907 | Zig:6    | Entered Level 6 of a ziggurat
 68983 | Zig:7    | Entered Level 7 of a ziggurat
 68987 | Zig:7    | Noticed a juggernaut
 69001 | Zig:7    | Killed a juggernaut
 69032 | Zig:7    | Identified the ring "Ziwn" {rN++ EV+5 Dex+3 Slay-3}
 69034 | Zig:7    | Identified the +6 trident of Dawn {heavy, Dex+6}
 69039 | Zig:8    | Entered Level 8 of a ziggurat
 69090 | Zig:8    | Got the Secrets of Poisonous Glaciation
 69091 | Zig:8    | Identified the ring "Vafin" {rCorr EV+5 Str+5}
 69092 | Zig:8    | Identified the +0 plate armour of Cheibriados's Hatred
                  | {+Inv Will- Str+4}
 69110 | Zig:9    | Entered Level 9 of a ziggurat
 69131 | Zig:9    | Reached skill level 15 in Throwing
 69141 | Zig:9    | Identified the +9 mace "Soofeck" {drain, Str+3}
 69164 | Zig:10   | Entered Level 10 of a ziggurat
 69188 | Zig:10   | Paralysed by accursed screaming for 2 turns
 69209 | Zig:10   | Identified the +1 scimitar "Aplib" {freeze, rElec rN+}
 69239 | Zig:11   | Entered Level 11 of a ziggurat
 69250 | Zig:11   | Noticed Gejyukhiph the pandemonium lord
 69263 | Zig:11   | Killed Gejyukhiph the pandemonium lord
 69286 | Zig:11   | Identified the ring "Ilen" {rElec rF- rC++ rCorr Str+6}
 69304 | Zig:11   | Identified the amulet of Sif Muna's Respect {Faith rCorr
                  | Str-2 Int+3 SInv}
 69307 | Zig:11   | Identified the +1 morningstar of Inflation {spect, rF++}
 69311 | Zig:12   | Entered Level 12 of a ziggurat
 69455 | Zig:12   | Identified the ring of the Okapi {Ice *Corrode rPois Str+5
                  | Stlth+}
 69460 | Zig:12   | Identified the +9 whip of the Lame Duck {heavy, Int+4
                  | Stlth+}
 69464 | Zig:12   | Got the Book of Attacks
 69482 | Pan      | Entered Pandemonium
 69933 | Pan      | Identified the +6 rapier "Tyboorph" {heavy, rElec Str+3}
 70061 | Pan      | Noticed Bymosogu the pandemonium lord
 70072 | Pan      | Killed Bymosogu the pandemonium lord
 70354 | Pan      | Noticed Mennas
 70379 | Pan      | Killed Mennas
 70578 | Pan      | Noticed Postrimni the pandemonium lord
 70677 | Pan      | Noticed Etsanoss the pandemonium lord
 70688 | Pan      | Killed Etsanoss the pandemonium lord
 70767 | Pan      | Identified the +7 morningstar of Iconoclasm {pain, rF+
                  | Stlth+}
 70794 | Pan      | Entered the realm of Cerebov.
 71126 | Pan      | Identified the +9 war axe of the Onslaught {speed, rC-
                  | rCorr Dex+5}
 71301 | Pan      | Identified the +8 war axe of Moderation {heavy, rElec}
 71445 | Pan      | Identified the ring "Kunyifeb" {rPois rC+ Int+4}
 71515 | Pan      | Found the +6 sword of Cerebov {flame}
 71515 | Pan      | Noticed Cerebov
 71537 | Pan      | Killed Cerebov
 71581 | Pan      | Got a fiery rune of Zot
 71980 | Pan      | Entered the realm of Gloorx Vloq.
 72245 | Pan      | Noticed Gloorx Vloq
 72256 | Pan      | Killed Gloorx Vloq
 72265 | Pan      | Got a dark rune of Zot
 72282 | Pan      | Reached skill level 15 in Dodging
 72449 | Pan      | Found a transporter.
 72482 | Pan      | Found a transporter.
 72482 | Pan      | Found a transporter.
 72507 | Pan      | Found a transporter.
 72507 | Pan      | Found a transporter.
 72545 | Pan      | Identified the +2 pair of gloves "Hoepn" {rF+ Int+3 Dex+4
                  | SInv}
 72572 | Pan      | Identified the ring "Ohefask" {rElec Str+3 Slay+4}
 72580 | Pan      | Identified the ring "Cilet" {Will+ Str+3}
 72649 | Pan      | Entered the realm of Mnoleg.
 72716 | Pan      | Noticed Ignacio
 72728 | Pan      | Killed Ignacio
 72819 | Pan      | Gained mutation: You are frail. (-10% HP) [a neqoxec]
 72831 | Pan      | Noticed Mnoleg
 72834 | Pan      | Paralysed by a floating eye for 2 turns
 72839 | Pan      | Killed Mnoleg
 72944 | Pan      | Got a glowing rune of Zot
 73025 | Pan      | Lost mutation: Your body sometimes deteriorates upon taking
                  | damage. [potion of mutation]
 73025 | Pan      | Lost mutation: You expend magic power (3 MP) to strengthen
                  | your wands. [potion of mutation]
 73025 | Pan      | Lost mutation: You have very sharp teeth. [potion of
                  | mutation]
 73025 | Pan      | Lost mutation: You are frail. (-10% HP) [potion of
                  | mutation]
 73025 | Pan      | Gained mutation: You are vulnerable to heat. (rF-) [potion
                  | of mutation]
 73027 | Pan      | Found a runed translucent door.
 73029 | Pan      | Found a runed translucent door.
 73031 | Pan      | Found a runed translucent door.
 73033 | Pan      | Noticed Quavarem the pandemonium lord
 73042 | Pan      | Found a runed translucent door.
 73044 | Pan      | Killed Quavarem the pandemonium lord
 73437 | Pan      | Found an exit through the horrors of the Abyss.
 73638 | Pan      | Entered the realm of Lom Lobon.
 73638 | Pan      | Found an exit through the horrors of the Abyss.
 73867 | Pan      | Noticed Lom Lobon
 74060 | Pan      | Killed Lom Lobon
 74091 | Pan      | Got a magical rune of Zot
 74472 | Pan      | Noticed Tian the pandemonium lord
 74489 | Pan      | Killed Tian the pandemonium lord
 74494 | Pan      | Reached skill level 15 in Evocations
 74575 | Pan      | Got a demonic rune of Zot
 74711 | Pan      | Identified the +6 scale mail "Hedon" {rN+}
 75693 | Pan      | Noticed Ceph the pandemonium lord
 75706 | Pan      | Killed Ceph the pandemonium lord
 76155 | Pan      | Found an exit through the horrors of the Abyss.
 76284 | Pan      | Took an exit into the Abyss.
 76284 | Abyss:3  | Escaped into the Abyss
 76329 | Depths:2 | Escaped the Abyss
 76395 | Coc:1    | Entered Level 1 of Cocytus
 77216 | Coc:4    | You are sucked into a shaft and drop 2 floors!
 77490 | Coc:7    | Entered Level 7 of Cocytus
 77495 | Coc:7    | Paralysed by a wendigo for 1 turns
 77517 | Coc:7    | Paralysed by a wendigo for 1 turns
 77660 | Coc:7    | Noticed Antaeus
 77680 | Coc:7    | Killed Antaeus
 77727 | Coc:7    | Got an icy rune of Zot
 77805 | Coc:7    | Paralysed by a wendigo for 1 turns
 77916 | Geh:1    | Entered Level 1 of Gehenna
 77970 | Geh:1    | Noticed a dread lich
 77991 | Geh:1    | Paralysed by a dread lich for 2 turns
 77994 | Geh:1    | Killed a dread lich
 78232 | Geh:2    | You are sucked into a shaft and drop 1 floor!
 78478 | Geh:4    | Gained mutation: You sometimes lose your temper in combat.
                  | [mutagenic glow]
 78524 | Geh:4    | Lost mutation: Your mind is very acute. (Int +8, Str/Dex
                  | -2) [potion of mutation]
 78524 | Geh:4    | Lost mutation: Your spells are a little easier to cast, but
                  | a little less powerful. [potion of mutation]
 78524 | Geh:4    | Gained mutation: Your muscles are strong. (Str +4, Int/Dex
                  | -1) [potion of mutation]
 78524 | Geh:4    | Lost mutation: You sometimes lose your temper in combat.
                  | [potion of mutation]
 78526 | Geh:4    | Gained mutation: Armour fits poorly on your strangely
                  | shaped body. [mutagenic glow]
 78783 | Geh:7    | Entered Level 7 of Gehenna
 79013 | Geh:7    | Identified the +5 quarterstaff of Grandeur {flame, Will+
                  | Int+6 Dex-4}
 79039 | Geh:7    | Found the +7 sceptre of Asmodeus
 79039 | Geh:7    | Noticed Asmodeus
 79062 | Geh:7    | Killed Asmodeus
 79074 | Geh:7    | Identified the +7 rapier "Seimufa" {flame, Drain rN+++
                  | Will+ rCorr}
 79076 | Geh:7    | Got an obsidian rune of Zot
 79342 | Geh:7    | Got the Tractate on the Charnel Birds
 79469 | Tar:1    | Entered Level 1 of Tartarus
 80036 | Tar:7    | Entered Level 7 of Tartarus
 80732 | Tar:7    | Noticed Ereshkigal
 80755 | Tar:7    | Killed Ereshkigal
 80785 | Tar:7    | Got a bone rune of Zot
 81720 | Tomb:1   | Entered Level 1 of the Tomb of the Ancients
 81983 | Tomb:1   | Noticed a royal mummy
 81988 | Tomb:1   | Noticed a royal mummy
 81991 | Tomb:1   | Killed a royal mummy
 81993 | Tomb:1   | Noticed a royal mummy
 82004 | Tomb:1   | Killed a royal mummy
 82012 | Tomb:1   | Killed a royal mummy
 82032 | Tomb:1   | Noticed a royal mummy
 82032 | Tomb:1   | Noticed a royal mummy
 82033 | Tomb:1   | Noticed a royal mummy
 82035 | Tomb:1   | Noticed a royal mummy
 82038 | Tomb:1   | Killed a royal mummy
 82046 | Tomb:1   | Killed a royal mummy
 82048 | Tomb:1   | Noticed a royal mummy
 82049 | Tomb:1   | Killed a royal mummy
 82056 | Tomb:1   | Killed a royal mummy
 82061 | Tomb:1   | Killed a royal mummy
 82169 | Tomb:2   | Noticed a royal mummy
 82176 | Tomb:2   | Noticed a royal mummy
 82177 | Tomb:2   | Killed a royal mummy
 82180 | Tomb:2   | Noticed a royal mummy
 82181 | Tomb:2   | Noticed a royal mummy
 82188 | Tomb:2   | Killed a royal mummy
 82189 | Tomb:2   | Killed a royal mummy
 82189 | Tomb:2   | Killed a royal mummy
 82444 | Tomb:3   | Entered Level 3 of the Tomb of the Ancients
 82446 | Tomb:3   | Noticed a royal mummy
 82454 | Tomb:3   | Killed a royal mummy
 82457 | Tomb:3   | Noticed a royal mummy
 82466 | Tomb:3   | Noticed a royal mummy
 82474 | Tomb:3   | Killed a royal mummy
 82488 | Tomb:3   | Noticed Khufu
 82501 | Tomb:3   | Killed Khufu
 82530 | Tomb:3   | Noticed Boris
 82539 | Tomb:3   | Killed Boris
 82589 | Tomb:3   | Noticed a royal mummy
 82593 | Tomb:3   | Noticed a royal mummy
 82606 | Tomb:3   | Killed a royal mummy
 82609 | Tomb:3   | Noticed a royal mummy
 82609 | Tomb:3   | Killed a royal mummy
 82615 | Tomb:3   | Killed a royal mummy
 82616 | Tomb:3   | Killed a royal mummy
 82664 | Tomb:3   | Got a golden rune of Zot
 82666 | Tomb:3   | Noticed a royal mummy
 82668 | Tomb:3   | Noticed a royal mummy
 82676 | Tomb:3   | Reached skill level 27 in Evocations
 82712 | Tomb:1   | Noticed a royal mummy
 83283 | Zot:5    | Got the Orb of Zot
 83468 | Dis:1    | Entered Level 1 of the Iron City of Dis
 83515 | Dis:1    | Found a huge runed gate.
 83515 | Dis:1    | Found a huge runed gate.
 83515 | Dis:1    | Found a huge runed gate.
 83515 | Dis:1    | Found a huge runed gate.
 83515 | Dis:1    | Found a huge runed gate.
 83515 | Dis:1    | Found a huge runed gate.
 83515 | Dis:1    | Found a huge runed gate.
 83515 | Dis:1    | Found a huge runed gate.
 83517 | Dis:1    | Found a huge runed gate.
 83518 | Dis:1    | Noticed Mylugigu the pandemonium lord
 83519 | Dis:1    | Found a huge runed gate.
 83524 | Dis:1    | Found a huge runed gate.
 83524 | Dis:1    | Found a huge runed gate.
 83529 | Dis:1    | Found a huge runed gate.
 83529 | Dis:1    | Found a huge runed gate.
 83529 | Dis:1    | Found a huge runed gate.
 83529 | Dis:1    | Found a huge runed gate.
 83529 | Dis:1    | Found a huge runed gate.
 83529 | Dis:1    | Found a huge runed gate.
 83529 | Dis:1    | Found a huge runed gate.
 83529 | Dis:1    | Found a huge runed gate.
 83540 | Dis:1    | Found a huge runed gate.
 83540 | Dis:1    | Found a huge runed gate.
 83540 | Dis:1    | Found a huge runed gate.
 83540 | Dis:1    | Found a huge runed gate.
 83540 | Dis:1    | Found a huge runed gate.
 83540 | Dis:1    | Found a huge runed gate.
 83541 | Dis:1    | Found a huge runed gate.
 83542 | Dis:1    | Found a huge runed gate.
 83543 | Dis:1    | Found a huge runed gate.
 83551 | Dis:1    | Found a huge runed gate.
 83551 | Dis:1    | Found a huge runed gate.
 83551 | Dis:1    | Found a huge runed gate.
 83551 | Dis:1    | Found a huge runed gate.
 83555 | Dis:1    | Found a huge runed gate.
 83555 | Dis:1    | Found a huge runed gate.
 83624 | Dis:1    | Killed Mylugigu the pandemonium lord
 83648 | Dis:1    | Noticed Tadaro the pandemonium lord
 83658 | Dis:1    | Killed Tadaro the pandemonium lord
 83708 | Dis:2    | Identified the +4 tower shield "Foulonk" {MP+9}
 83764 | Dis:2    | Noticed Tyicoest the pandemonium lord
 83779 | Dis:2    | Killed Tyicoest the pandemonium lord
 83812 | Dis:2    | Noticed Woul the pandemonium lord
 83823 | Dis:2    | Killed Woul the pandemonium lord
 83885 | Dis:3    | Noticed Wycupp the pandemonium lord
 83893 | Dis:3    | Killed Wycupp the pandemonium lord
 83989 | Dis:3    | Noticed Meol Weo the pandemonium lord
 83990 | Dis:3    | Noticed Gaagef the pandemonium lord
 84407 | Dis:6    | Noticed Jagruicu the pandemonium lord
 84408 | Dis:7    | Entered Level 7 of the Iron City of Dis
 84534 | Dis:7    | Noticed a juggernaut
 84539 | Dis:7    | Found the orb of Dispater {+Damnation *Corrode AC+5}
 84539 | Dis:7    | Noticed Dispater
 84547 | Dis:7    | Got an iron rune of Zot
 84758 | D:12     | Noticed Luvaecza the pandemonium lord
 84766 | D:12     | Killed Luvaecza the pandemonium lord
 84978 | D:4      | Noticed Beluhe the pandemonium lord
 85006 | D:4      | Killed Beluhe the pandemonium lord
 85121 | D:1      | Was placed under penance by the Shining One
 85123 | D:$      | Escaped with the Orb!

Illustrated notes

Levels and vault maps discovered:
D:1:      saegor_arrival_simple_e, layout_rooms, minmay_misc_feat_rows,
          hangedman_decor_slide_cut, grunt_decor_junction
D:2:      layout_loops_ring, uniq_terence, uniq_natasha
D:3:      layout_rooms, serial_shops, shop, ebering_ghost_rock_garden,
          uniq_robin, uniq_ijyb
D:4:      layout_loops_ring, grunt_temple_overflow_holy_war,
          minmay_temple_entry_hall, minmay_bent, uniq_blork_the_orc
D:5:      kennysheep_steamy, layout_loops_ring, uniq_menkaure
D:6:      layout_basic, ebering_dispersal_statue_hall, minmay_misc_feat_hallway
D:7:      minmay_the_grid_octo_tiled_squarecenter [minmay_the_grid_octo_teeth,
          minmay_the_grid_octo_odd_swirl, minmay_the_grid_octo_horde,
          minmay_the_grid_octo_clover,
          minmay_the_grid_square_5x5_megaprize_diamond,
          minmay_the_grid_square_5x5_z,
          minmay_the_grid_square_5x5_almost_minimal,
          minmay_the_grid_square_5x5_half_checkered,
          minmay_the_grid_square_5x5_three_walls], layout_layer_cave,
          nicolae_overflow_hallway_of_the_gods, dreamdust_gnoll_farm,
          uniq_duvessa
D:8:      layout_cave_pools, lemuel_doored_altar
D:9:      layout_basic, lightli_temple_of_fire, uniq_grum
D:10:     layout_small_grid, nicolae_elyvilon_peaceful_grove,
          chequers_temple_overflow_minitemple, david_orc_3, serial_shops, shop,
          shop, shop, nicolae_shop_temple_entry_statues_fountains,
          nicolae_shop_hallway_stairs
D:11:     layout_roguey, minmay_lair_entry_grove, serial_undead,
          serial_undead_f, serial_undead_c, serial_undead_e, serial_undead_b,
          serial_undead_b, serial_undead_b, serial_undead_c, serial_undead_e,
          serial_undead_f, serial_undead_b, vehumet_altar_wand_db, uniq_nergalle
D:12:     layout_cave_pools
D:13:     layout_irregular_city, david_vaults_4, nrook_guardian_serpent_double,
          uniq_rupert
D:14:     layout_grid_maze, serial_park_tiny_2, uniq_lodul
D:15:     grunt_enter_depths_hoard, layout_loops_corners,
          gauntlet_entry_generic, nicolae_wu_jian_wuxing_cycle
Temple:   hellmonk_temple_forest_ring
Lair:1:   layout_gridlike, basic_altar, fungi_pond_lemuel,
          nicolae_lair_lakeside_cave
Lair:2:   layout_small_grid, elwin_shoals_entry_stream,
          minmay_snake_entry_six_corridors, portal_ice_cave_entry_pillars_2,
          uniq_erica
Lair:3:   layout_regular_city, serial_bayou_pond_e,
          nicolae_quartered_pool_impasse, grunt_megastairs_4
Lair:4:   layout_loops_ring, slime_entry_1, chequers_serial_rivers_large_b
Lair:5:   evilmike_catoblepas_cave, layout_gridlike, gammafunk_ghost_cemetery,
          bobbens_ice_dragon_lair, uniq_snorg, uniq_urug
Shoals:1: layout_shoals, nicolae_shoals_so_close
Shoals:2: layout_shoals, serial_shops, shop_statue
Shoals:3: layout_shoals, kb_tengu_band
Shoals:4: shoals_end_simple, layout_shoals, shoals_ilsuiw_alternative
Snake:1:  layout_onion_interference, serial_bayou_shore_b
Snake:2:  layout_layer_cave, grunt_megastairs_2, minmay_shoptagon, uniq_louise,
          uniq_jorgrun, uniq_vashnia
Snake:3:  layout_misc_corridors, serial_nicolae_subway,
          nicolae_sub_station_metal, nicolae_sub_station_stone,
          nicolae_sub_station_crystal, minmay_shop_star, uniq_aizul
Snake:4:  johnstein_snake_rune_scales, layout_layer_cave, serial_shops,
          nicolae_shop_crystal, uniq_bai_suzhen, uniq_donald
Slime:1:  layout_caves
Slime:2:  layout_caves
Slime:3:  layout_caves
Slime:4:  cheibrodos_slime_lost_civilization_2, layout_caves,
          cheibrodos_slime_lost_civilization_4
Slime:5
Orc:1:    layout_caves
Orc:2:    grunt_orc_tribal_feast, layout_caves, serial_shops,
          nicolae_shop_crystal, shop_fountains, nicolae_shop_hallway_stairs,
          shop, nicolae_shop_hallway_plus, uniq_azrael
Elf:1:    eino_elf_arrival_shootout, layout_loops_cross, minmay_elf_sorcery,
          uniq_kirke
Elf:2:    nicolae_elf_blades_crystal_corner, layout_geoelf_grid, serial_shops,
          nicolae_shop_hallway_plus, guppyfry_elf_altar
Elf:3:    minmay_elf_hall, layout_geoelf_castle, serial_shops, shop, basic_altar
Vaults:1: vaults_room_pool, st_diamondy,
          vaults_standard_mumra_enter_the_diamond, grunt_vaults_bifocal,
          vaults_room_door_hall, nicolae_vaults_rhombus_6,
          layout_vaults_omnigrid, serial_shops, bzr_entry_gold
Vaults:2: gammafunk_ghost_spectres, nicolae_vaults_ninety_degrees,
          grunt_vaults_twisty, v_pattern_1, st_greater_box_4, v_misc_10,
          vaults_mumra_lcd, layout_vaults_maze_snakey, serial_shops,
          shop_fountains
Vaults:3: gammafunk_ghost_cemetery, nicolae_vaults_halls_meeting, v_misc_27,
          ontoclasm_vaults_ring_square, vaults_dpeg_hooks,
          ontoclasm_vaults_twist, ontoclasm_vaults_gateway,
          layout_vaults_chaotic_city, serial_shops, nicolae_shop_crystal
Vaults:4: advil_vaults_ghost_guards, ontoclasm_vaults_spin,
          vaults_room_ringed_pool, nicolae_vaults_circle_grid_a, v_misc_13,
          v_alt_pattern_3, serial_ice_b, grunt_vaults_swirl, vaults_room_pool,
          v_misc_4, v_misc_10, nicolae_vaults_little_squares_4,
          hangedman_vaults_cutoff, ontoclasm_vaults_eye,
          nicolae_vaults_diagonal_hallway_8, layout_vaults_omnibox,
          serial_shops, shop_coins
Vaults:5: serial_shops
Crypt:1:  layout_gridlike, lemuel_upstairs_altar, uniq_jory
Crypt:2:  layout_misc_corridors, infiniplex_enter_wizlab_water
Crypt:3:  church_of_pain_bobbens, layout_chaotic_city, hex_large,
          grunt_ministairs_2
Tomb:1
Tomb:2
Tomb:3
Depths:1: layout_gridlike, ebering_ghost_inner_flame, hell_entry,
          nicolae_elemental_shop, nicolae_ru_sacrificial_ziggurat,
          grunt_megastairs_1, uniq_sojobo
Depths:2: cheibrodos_witchhunters_guild, layout_cave_shapes, enter_ziggurat_c,
          pan_entry, hangedman_coc_ice_floe, serial_bayou_shore_b,
          grunt_ministairs_12, infiniplex_staircase_zigzag_4,
          serial_bayou_shore_a
Depths:3: minmay_blocking_statues, layout_basic, hangedman_decor_opposing,
          hell_entry, abyss_entry_small_statue_room, uniq_margery
Depths:4: grunt_zot_entry_funnels, layout_cave_shapes, hell_entry,
          eino_curves_01, marbit_kobold_abyss_entry, uniq_boris, uniq_vv
Hell
Dis:1:    layout_subdivisions, door_vault
Dis:2:    layout_subdivisions, lemuel_dis_dragons
Dis:3:    layout_regular_city
Dis:4:    layout_jigsaw
Dis:5:    layout_subdivisions
Dis:6:    layout_gridville
Dis:7:    dis_grunt_layers
Geh:1:    layout_gehenna_pools_basic
Geh:2:    layout_gehenna_pools_triple
Geh:3:    layout_gehenna_pools_box
Geh:4:    layout_gehenna_pools_box
Geh:5:    layout_gehenna_lava_caves, evilmike_ambush
          [evilmike_ambush_outer_basic, evilmike_ambush_inner_wall_1]
Geh:6:    layout_gehenna_lava_caves, nicolae_geh_amphitheater
Geh:7:    geh_grunt
Coc:1:    layout_ice_bergs, nicolae_hells_seeping_fissure
Coc:2:    layout_cocytus_water_paths
Coc:3:    layout_cocytus_water_paths
Coc:4:    layout_cocytus_water_paths
Coc:6:    nicolae_coc_on_the_berg
Coc:7:    coc_dpeg
Tar:1:    layout_grid_maze
Tar:2:    layout_catacombs
Tar:3:    layout_grid_maze
Tar:4:    layout_cathedral_of_symmetry
Tar:5:    layout_grid_maze
Tar:6:    layout_grid_maze
Tar:7:    tar_mu [tar_mu_maze]
Zot:1:    gammafunk_sealed_library, layout_cellular_growth
Zot:2:    layout_cellular_growth
Zot:3:    layout_onion_interference
Zot:4:    layout_basic, hellmonk_ghost_happy_afterlife
Zot:5:    layout_cathedral_of_symmetry

Skill      XL: |  1  2  3  4  5  6  7  8  9 10 11 12 13 14 15 16 17 18 19 20 21 22 23 24 25 26 27 |
---------------+----------------------------------------------------------------------------------+-----
Axes           | 2 3 4 5 6 8 10 12 14 15 16 17 19 | 19.3
Fighting       | 4 5 6 7 9 11 12 13 14 16 17 19 20 22 23 24 26 27 | 27.0
Shields        | 5 9 13 16 20 24 | 24.2
Dodging        | 2 4 6 8 9 16 | 16.0
Armour         | 5 7 9 10 14 15 | 15.0
Polearms       | 1 6 |  6.8
Maces & Flails | 5 |  5.5
Invocations    | 3 8 11 12 16 19 22 27 | 27.0
Throwing       | 2 6 9 12 26 | 26.3
Evocations     | 2 8 12 27 | 27.0

Action                     |  1- 3 |  4- 6 |  7- 9 | 10-12 | 13-15 | 16-18 | 19-21 | 22-24 | 25-27 || total
---------------------------+-------+-------+-------+-------+-------+-------+-------+-------+-------++-------
  Melee: War axe           |    78 |    51 |       |       |       |       |       |       |       ||   129
         Hand axe          |       |    98 |   238 |   533 |   313 |       |       |       |       ||  1182
         Unarmed           |       |     8 |       |       |       |       |       |       |     3 ||    11
         Morningstar       |       |       |       |    34 |   132 |       |       |       |       ||   166
         Demon trident     |       |       |       |       |   506 |       |       |       |       ||   506
         Eveningstar       |       |       |       |       |   549 |    19 |       |       |       ||   568
         Broad axe         |       |       |       |       |   119 |  1334 |  1500 |  1510 |  6035 || 10498
         Bite              |       |       |       |       |       |       |       |       |   603 ||   603
  Throw: Javelin           |       |       |       |     4 |       |       |     6 |    16 |    84 ||   110
         Dart              |       |       |       |     5 |    10 |       |       |       |       ||    15
         Boomerang         |       |       |       |       |       |       |     1 |    29 |    87 ||   117
 Invoke: Heroism           |       |       |     4 |    10 |    20 |    15 |    13 |    17 |    13 ||    92
         Finesse           |       |       |       |       |       |     7 |     8 |     8 |    11 ||    34
         Duel              |       |       |       |       |       |       |       |     1 |       ||     1
         Cleansing Flame   |       |       |       |       |       |       |       |       |   200 ||   200
         Summon Divine War |       |       |       |       |       |       |       |       |    19 ||    19
         Divine Shield     |       |       |       |       |       |       |       |       |     8 ||     8
         Brand Weapon With |       |       |       |       |       |       |       |       |     1 ||     1
  Evoke: Wand              |       |       |       |     1 |    20 |     2 |     4 |     2 |     4 ||    33
         Tin of tremorston |       |       |       |       |       |       |     2 |     2 |     4 ||     8
         Condenser vane    |       |       |       |       |       |       |     4 |     3 |       ||     7
         Phial of floods   |       |       |       |       |       |       |     1 |     1 |     1 ||     3
         Phantom mirror    |       |       |       |       |       |       |       |       |     6 ||     6
         Box of beasts     |       |       |       |       |       |       |       |       |     1 ||     1
    Use: Scroll            |       |       |    13 |    11 |    16 |     6 |     8 |    16 |    65 ||   135
         Potion            |       |       |     4 |     4 |     1 |     2 |       |     6 |    52 ||    69
   Stab: Distracted        |       |       |       |     1 |       |       |       |       |       ||     1
         Invisible         |       |       |       |       |       |     2 |       |       |       ||     2
         Confused          |       |       |       |       |       |       |     1 |       |       ||     1
 Armour: Scale mail        |    47 |    92 |    97 |       |       |       |       |       |       ||   236
         Skin              |       |     2 |       |       |       |       |       |       |    65 ||    67
         Plate armour      |       |       |     9 |    72 |       |       |       |       |       ||    81
         Chain mail        |       |       |       |   198 |  1087 |   775 |   740 |   210 |       ||  3010
         Gold dragon scale |       |       |       |       |       |       |       |   554 |  3409 ||  3963
  Dodge: Dodged            |    41 |    81 |    83 |   171 |   716 |   474 |   398 |   354 |  1588 ||  3906
  Block: Buckler           |    26 |    30 |    67 |   211 |   742 |   611 |   146 |       |       ||  1833
         Tower shield      |       |       |       |       |       |       |   927 |    89 |  4473 ||  5489
         Kite shield       |       |       |       |       |       |       |       |   947 |  1553 ||  2500

Table legend: (Time is in decaauts)
 A = Elapsed time spent in this place.
 B = Non-inter-level travel time spent in this place.
 C = Inter-level travel time spent in this place.
 D = Time resting spent in this place.
 E = Time spent auto-exploring this place.
 F = Levels seen in this place.
 G = Mean time per level.
                   A        B        C        D        E       F      G
               +--------+--------+--------+--------+--------+-----+--------+
         Total |  81874 |  71353 |  10521 |   4031 |  44168 | 130 |  629.8 |
       Dungeon |  17192 |  13033 |   4159 |    340 |  10149 |  15 | 1146.1 |
        Temple |    166 |    147 |     19 |      0 |    135 |   1 |  166.0 |
          Lair |   8305 |   6865 |   1440 |    773 |   4603 |   5 | 1661.0 |
        Shoals |   4130 |   3814 |    316 |      0 |   2862 |   4 | 1032.5 |
     Snake Pit |   4585 |   4282 |    303 |    132 |   3066 |   4 | 1146.2 |
    Slime Pits |   2215 |   1813 |    402 |    102 |   1231 |   5 |  443.0 |
  Orcish Mines |   1651 |   1443 |    208 |    104 |    878 |   2 |  825.5 |
   Elven Halls |   3174 |   2975 |    199 |    111 |   2102 |   3 | 1058.0 |
        Vaults |   8479 |   7530 |    949 |    427 |   5115 |   5 | 1695.8 |
         Crypt |   2942 |   2598 |    344 |      0 |   1734 |   3 |  980.7 |
          Tomb |   1098 |    986 |    112 |    102 |    254 |   3 |  366.0 |
        Depths |   5812 |   4692 |   1120 |    296 |   3090 |   4 | 1453.0 |
          Hell |    797 |    602 |    195 |      0 |    347 |   1 |  797.0 |
           Dis |   1070 |   1070 |      0 |    246 |      0 |   7 |  152.9 |
       Gehenna |   1375 |   1287 |     88 |    177 |    292 |   7 |  196.4 |
       Cocytus |   1394 |   1279 |    115 |     66 |    640 |   6 |  232.3 |
      Tartarus |   1415 |   1176 |    239 |    191 |     77 |   7 |  202.1 |
           Zot |   5206 |   4899 |    307 |    317 |   3400 |   5 | 1041.2 |
         Abyss |   1791 |   1791 |      0 |     13 |    870 |   5 |  358.2 |
   Pandemonium |   6468 |   6468 |      0 |    104 |   2498 |  22 |  294.0 |
      Ziggurat |    722 |    722 |      0 |    177 |     68 |  12 |   60.2 |
        Bazaar |    109 |    109 |      0 |      0 |     73 |   1 |  109.0 |
      Ice Cave |   1261 |   1261 |      0 |    344 |    385 |   1 | 1261.0 |
        Wizlab |    487 |    487 |      0 |      0 |    298 |   1 |  487.0 |
         Arena |     17 |     17 |      0 |      4 |      0 |   1 |   17.0 |
               +--------+--------+--------+--------+--------+-----+--------+

Top non-repeatable levels by time:
  Lair:1: 2064 daAuts
Depths:1: 1983 daAuts
  Lair:5: 1934 daAuts
     D:7: 1814 daAuts
Vaults:3: 1772 daAuts
Vaults:5: 1771 daAuts
    D:15: 1761 daAuts
Vaults:1: 1749 daAuts
Vaults:4: 1720 daAuts
    D:14: 1671 daAuts
 Snake:4: 1613 daAuts
Depths:2: 1565 daAuts
  Lair:2: 1543 daAuts
    D:11: 1512 daAuts
 Snake:2: 1492 daAuts
